 Dungeon Crawl Stone Soup version 0.31-a0-1010-g5322dac6a2 (webtiles) character file.

Game seed: 12509262088034359609

2664507 MackTheKnife the Impaler (level 27, 224/224 HPs)
             Began as a Mummy Conjurer on Nov 16, 2023.
             Was an Initiate of Gozag.
             Escaped with the Orb
             ... and 5 runes!
             The game lasted 03:16:12 (90338 turns).

MackTheKnife the Impaler (Mummy Conjurer)          Turns: 90338, Time: 03:16:12

Health: 224/224    AC: 20    Str: 22    XL:     27
Magic:  45/45      EV: 53    Int: 16    God:    Gozag
Gold:   3470       SH:  0    Dex: 55    Spells: 11/62 levels left

rFire   + + +        W - +9 glaive "Pyskesmuz" {spect, rElec rF++ Dex+4 SInv, polearm}
rCold   + + .        (shield currently unavailable)
rNeg    + + +        D - +4 acid dragon scales of the Blue Skies {rCorr Int-2 Dex+10}
rPois   ∞            y - +0 hat of Tartarus {Str+3 Dex+2}
rElec   +            k - +2 cloak {Will+}
rCorr   +            M - +0 pair of fencer's gloves {Riposte Dex+3}
SInv    +            u - +3 pair of mountain boots {steadfast, rC+}
Will    ++++.        O - amulet of Dilo {Regen+ Dex+5}
Stlth   ++           v - ring "Bafruqun" {rF++ rN+ Str+3 Dex+6}
HPRegen 1.37/turn    Q - ring of Zidghuox {Str+3 Int-2 Dex+6 Slay+2}
MPRegen 0.29/turn

%: faith
@: studying Axes
A: cold resistance 1, negative energy resistance 3, torment resistance 2, heat
vulnerability 1, in touch with death 2, no potions, faith
0: Orb of Zot
}: 5/15 runes: serpentine, barnacled, slimy, silver, golden
a: Renounce Religion, Potion Petition, Call Merchant, Bribe Branch


You escaped.
You worshipped Gozag.
Gozag was most pleased with you.
You visited 13 branches of the dungeon, and saw 59 of its levels.
You also visited: Trove, Bailey and Ice Cave.

You collected 39626 gold pieces.
You spent 5333 gold pieces at shops.
You paid 30823 gold pieces to Gozag.


Innate Abilities, Weirdness & Mutations

You are immune to poison.
Your flesh is cold resistant. (rC+)
You are immune to negative energy. (rN+++)
You are immune to unholy pain and torment.
You are vulnerable to heat. (rF-)
You are strongly in touch with the powers of death.
You do not drink.
You have a special connection with the divine. (Faith)


   Skills:
 - Level 20.0 Fighting
 - Level 12.0 Maces & Flails
 - Level 20.1 Polearms
 - Level 7.0 Armour
 - Level 20.0 Dodging
 - Level 1.6 Stealth
 - Level 5.0 Shields
 - Level 18.0 Spellcasting
 - Level 10.0 Conjurations
 - Level 7.0 Hexes
 - Level 12.0 Necromancy
 - Level 10.0 Translocations
 - Level 4.0 Transmutations
 - Level 4.0 Ice Magic
 - Level 4.0 Air Magic
 - Level 10.0 Earth Magic
 + Level 8.5 Evocations


You had 11 spell levels left.
You knew the following spells:

 Your Spells              Type           Power      Damage    Failure   Level
a - Freezing Cloud        Conj/Ice/Air   16%        6-21      12%         5
b - Vampiric Draining     Necr           87%        2d12      1%          3
c - Stone Arrow           Conj/Erth      92%        3d12      1%          3
d - Borgnjor's Vile Clut  Necr/Erth      42%        N/A       1%          5
e - Fulminant Prism       Conj/Hex       20%        3d12      1%          4
f - Anguish               Hex/Necr       39%        N/A       1%          4
g - Yara's Violent Unrav  Hex/Tmut       16%        3d8       14%         5
h - Bombard               Conj/Erth      23%        9d4       12%         6
i - Vhi's Electric Charg  Tloc/Air       72%        N/A       2%          4
j - Manifold Assault      Tloc           46%        N/A       1%          4
A - Death Channel         Necr           43%        N/A       5%          6
B - Blink                 Tloc           92%        N/A       1%          2

Your spell library contained the following spells:

 Spells                   Type           Power      Damage    Failure   Level
 Apportation              Tloc           92%        N/A       1%          1
 Foxfire                  Conj/Fire      100%       2x1d9     1%          1
 Freeze                   Ice            100%       1d10      1%          1
 Kiss of Death            Conj/Necr      100%       2d13      1%          1
 Magic Dart               Conj           100%       1d8       1%          1
 Necrotise                Necr           100%       1d9       1%          1
 Sandblast                Erth           92%        2d19      1%          1
 Shock                    Conj/Air       100%       1d9       1%          1
 Slow                     Hex            100%       N/A       1%          1
 Cigotuvi's Dreadful Rot  Necr/Pois/Air  100%       N/A       1%          2
 Ensorcelled Hibernation  Hex/Ice        64%        N/A       1%          2
 Jinxbite                 Hex            72%        N/A       1%          2
 Lesser Beckoning         Tloc           92%        N/A       1%          2
 Passwall                 Tmut/Erth      30%        N/A       1%          2
 Searing Ray              Conj           92%        2d7       1%          2
 Confusing Touch          Hex            36%        N/A       1%          3
 Dazzling Flash           Conj/Hex       82%        N/A       1%          3
 Gell's Gravitas          Tloc           46%        N/A       1%          3
 Hailstorm                Conj/Ice       36%        3d9       1%          3
 Sigil of Binding         Hex            36%        N/A       1%          3
 Teleport Other           Tloc           46%        N/A       1%          3
 Tukima's Dance           Hex            36%        N/A       1%          3
 Volatile Blastmotes      Fire/Tloc      60%        2d15      1%          3
 Brom's Barrelling Bould  Conj/Erth      46%        2d6       1%          4
 Dimensional Bullseye     Hex/Tloc       20%        N/A       1%          4
 Dispel Undead            Necr           87%        3d28      1%          4
 Iskenderun's Mystic Bla  Conj/Tloc      46%        2d10      1%          4
 Leda's Liquefaction      Hex/Erth       20%        N/A       1%          4
 Passage of Golubria      Tloc           46%        N/A       1%          4
 Agony                    Necr           87%        N/A       1%          5
 Mephitic Cloud           Conj/Pois/Air  29%        N/A       2%          3
 Ozocubu's Armour         Ice            27%        N/A       2%          3
 Swiftness                Air            27%        N/A       2%          3
 Iskenderun's Battlesphe  Conj           46%        2d10      2%          5
 Lee's Rapid Deconstruct  Erth           23%        3d13*     2%          5
 Poisonous Vapours        Pois/Air       40%        N/A       3%          2
 Inner Flame              Hex/Fire       25%        N/A       3%          3
 Summon Guardian Golem    Hex/Summ       25%        N/A       3%          3
 Summon Small Mammal      Summ           56%        N/A       4%          1
 Animate Armour           Summ/Erth      60%        N/A       6%          4
 Flame Wave               Conj/Fire      30%        2d9       6%          4
 Sticky Flame             Conj/Fire      30%        2d5       6%          4
 Call Imp                 Summ           28%        N/A       8%          2
 Scorch                   Fire           28%        2d6       8%          2
 Arcjolt                  Conj/Air       18%        1d28      8%          5
 Ignite Poison            Fire/Tmut/Pois 18%        N/A       9%          3
 Airstrike                Air            13%        2d(2-18)  10%         4
 Dispersal                Tloc           23%        N/A       12%         6
 Call Canine Familiar     Summ           14%        N/A       14%         3
 Silence                  Hex/Air        16%        N/A       14%         5
 Summon Ice Beast         Ice/Summ       20%        N/A       22%         4
 Summon Lightning Spire   Summ/Air       20%        N/A       22%         4
 Summon Mana Viper        Hex/Summ       25%        N/A       32%         5
 Conjure Ball Lightning   Conj/Air       18%        3x3d6     38%         6
 Alistair's Intoxication  Tmut/Pois      13%        N/A       52%         5
 Starburst                Conj/Fire      15%        6d6       67%         6
 Enfeeble                 Hex            18%        N/A       93%         7
 Eringya's Noxious Bog    Tmut/Pois      10%        4d6       97%         6
 Plasma Beam              Fire/Air       10%        2x1d21    97%         6
 Haunt                    Necr/Summ      33%        N/A       98%         7
 Spellforged Servitor     Conj/Summ      15%        N/A       99%         7
 Disjunction              Tloc           23%        N/A       99%         8
 Lehudib's Crystal Spear  Conj/Erth      23%        10d6      99%         8
 Summon Cactus Giant      Summ           7%         N/A       100%        6
 Monstrous Menagerie      Summ           7%         N/A       100%        7
 Ozocubu's Refrigeration  Ice            13%        4d10      100%        7
 Ignition                 Fire           7%         3d4       100%        8
 Summon Horrible Things   Summ           7%         N/A       100%        8
 Polar Vortex             Ice            13%        12d1*     100%        9
 Animate Dead             Necr           Unusable   N/A       N/A         4
 Simulacrum               Ice/Necr       Unusable   N/A       N/A         6
 Borgnjor's Revivificati  Necr           Unusable   N/A       N/A         8
 Death's Door             Necr           Unusable   N/A       N/A         9

Inventory:

Hand Weapons
 W - the +9 glaive "Pyskesmuz" (weapon) {spect, rElec rF++ Dex+4 SInv, polearm}
   (You took it off a merfolk on level 2 of the Shoals)

   Dex+4:     It affects your dexterity (+4).
   rF++:      It greatly protects you from fire.
   rElec:     It insulates you from electricity.
   SInv:      It lets you see invisible.
Armour
 k - a +2 cloak of willpower (worn)
   (You took it off a draconian shifter on level 2 of the Realm of Zot)
 u - the +3 pair of mountain boots (worn) {steadfast, rC+}
   (You found it on level 5 of the Pits of Slime)

   Steadfast: It prevents involuntary movement, except for blinking,
   teleportation, or banishment.
   rC+:       It protects you from cold.
 y - the +0 hat of Tartarus (worn) {Str+3 Dex+2}
   (You found it on level 3 of the Vaults)

   Str+3:     It affects your strength (+3).
   Dex+2:     It affects your dexterity (+2).
 D - the +4 acid dragon scales of the Blue Skies (worn) {rCorr Int-2 Dex+10}
   (You bought it in a shop on level 11 of the Dungeon)

   Int-2:     It affects your intelligence (-2).
   Dex+10:    It affects your dexterity (+10).
   rCorr:     It protects you from acid and corrosion.
 M - the +0 pair of fencer's gloves (worn) {Riposte Dex+3}
   (You bought it in a shop on level 11 of the Dungeon)

   Riposte:   It allows the wearer to riposte with melee weapons, swiftly
   retaliating against missed or blocked melee attacks.
   Dex+3:     It affects your dexterity (+3).
Jewellery
 r - a ring of flight
   (You found it on level 6 of the Dungeon)
 v - the ring "Bafruqun" (left hand) {rF++ rN+ Str+3 Dex+6}
   (You acquired it on level 5 of the Vaults)

   [ring of dexterity]

   Str+3:     It affects your strength (+3).
   Dex+6:     It affects your dexterity (+6).
   rF++:      It greatly protects you from fire.
   rN+:       It protects you from negative energy.
 O - the amulet of Dilo (around neck) {Regen+ Dex+5}
   (You acquired it on level 3 of the Tomb of the Ancients)

   [amulet of regeneration]

   Dex+5:     It affects your dexterity (+5).
   Regen+:    It increases your rate of health regeneration.
 Q - the ring of Zidghuox (right hand) {Str+3 Int-2 Dex+6 Slay+2}
   (You found it on level 2 of the Shoals)

   [ring of dexterity]

   Str+3:     It affects your strength (+3).
   Int-2:     It affects your intelligence (-2).
   Dex+6:     It affects your dexterity (+6).
   Slay+2:    It affects your accuracy & damage with ranged weapons and melee
   (+2).
Wands
 q - a wand of digging (21)
   (You found it on level 4 of the Snake Pit)
 C - a wand of mindburst (29)
   (You took it off Maurice on level 9 of the Dungeon)
 G - a wand of roots (61)
   (You found it on level 5 of the Lair of Beasts)
 H - a wand of paralysis (42)
   (You found it on level 8 of the Dungeon)
 J - a wand of light (13)
   (You found it on level 5 of the Lair of Beasts)
Scrolls
 b - a scroll of immolation {!r!r}
 f - 3 scrolls of blinking {!r}
 j - 8 scrolls of poison
 l - 3 scrolls of fear
 n - 7 scrolls of teleportation {@r4}
 o - 14 scrolls of vulnerability {!r!r}
 p - 2 scrolls of summoning
 s - 4 scrolls of brand weapon
 x - 2 scrolls of silence {!r}
 A - 4 scrolls of revelation
 F - 7 scrolls of enchant armour
 I - 4 scrolls of enchant weapon
 K - 4 scrolls of amnesia
 S - 12 scrolls of fog
Miscellaneous
 c - a phantom mirror
   (You found it on level 3 of the Vaults)
 d - a phial of floods
   (You found it on level 10 of the Dungeon)
 e - a lightning rod (4/4)
   (You found it on level 1 of the Vaults)
 z - a box of beasts
   (You found it on level 1 of the Vaults)
 L - a tin of tremorstones (2/2) {throwing}
   (You found it on level 11 of the Dungeon)
 T - a figurine of a ziggurat

Dungeon Overview and Level Annotations

Branches:
Dungeon (15/15)            Temple (1/1) D:7            Lair (5/5) D:9
 Shoals (4/4) Lair:2        Snake (4/4) Lair:2        Slime (5/5) Lair:4
    Orc (2/2) D:11            Elf (3/3) Orc:2        Vaults (5/5) D:14
  Crypt (3/3) Vaults:3       Tomb (3/3) Crypt:3      Depths (4/4) D:15
    Zot (5/5) Depths:4     Bailey (visited)           IceCv (visited)

Altars:
Ashenzari
Cheibriados
Dithmenos
Fedhas
Gozag
Hepliaklqana
Kikubaaqudgha
Makhleb
Nemelex Xobeh
Okawaru
Qazlal
Ru
Sif Muna
Trog
Uskayaw
Vehumet
Wu Jian
Xom
Yredelemnul
Jiyva
Lugonu

Shops:
D:9 :   D:11 [   D:12 [   D:13 ?   D:15 =   Orc:1 *   Orc:2 ?:*(   Elf:2 =*
Lair:2 *   Lair:5 (   Shoals:3 [(   Snake:2 =   Snake:3 =   Slime:5 [:
Vaults:1 [   Depths:3 ??

Portals:
Hell: Depths:1 Depths:2 Depths:3 Depths:4
Abyss: Depths:1 Depths:3
Pandemonium: Depths:2
Ziggurat: Depths:4

Annotations:
D:4 3 runed translucent doors, captivecurve's ghost, amateur DENe
Shoals:2 Wusuin's ghost, adept MiBe
Snake:2 Jorgrun
Orc:2 3 runed translucent doors, Amnesiac's ghost, journeyman DjCj; Graknight's ghost, journeyman GrFi; rocker's ghost, journeyman DgGl
Elf:2 3 runed translucent doors, Louise
Vaults:2 4 runed translucent doors
Vaults:4 2 transporters, exclusion: orange crystal statue, jt's ghost, veteran NaNe
Crypt:2 Khufu
Depths:3 exclusion: ice statue

###########.~~~~.~~~~.##.# #.. #
#....~~~~.~~~~.##.# #.. #
#.##.~~~~.≈~~~.##.# #..
########.#..≈~~~.~~~~.##.######..
............~≈≈~.~≈≈~............
########....~≈≈~.~≈≈≈.###.######.
#.##.P~~...~~P.....# #.
#####.##..........^##### ##
#.....##.....@.....###########
#.######.....................#
#.# #.P~~...~~P..########.# #.#
#.~≈~≈.~≈≈~..# #.# #.#
#.~≈≈~.~≈≈~..# #.# ####.#
##.~~~~.~~~~..# #.# .....#
#..~~~~.~~~~..# ####.#
##########..~~~~.~~~~..# #.....
............~~~~.≈~~~..# #.....


There were no monsters in sight!


Message History

As you read the scroll of summoning, it crumbles to dust.
Wisps of shadow whirl around you...
You swap places.
Your boulder beetle curls into a ball and begins rolling!
You swap places.
The balrug gestures at you.
The sticky flame hits your white ugly thing but does no damage.
Your white ugly thing is covered in liquid flames!
Your deep elf pyromancer misses the balrug.
Your white ugly thing burns!
The balrug hits your white ugly thing with a +2 demon whip of electrocution!!
Your white ugly thing is engulfed in flames!!
Your white ugly thing closely misses the balrug.
Your deep elf pyromancer misses the balrug.
Your white ugly thing burns!
The balrug hits your white ugly thing with a +2 demon whip of electrocution!
Your white ugly thing dies!
Your white ugly thing's corpse dissolves into shadows!
An Orb Guardian comes into view.
There is a stone staircase leading up here.
You climb upwards.
Your summoned allies are left behind.
There is a stone staircase leading down here.
Unknown command.
What level of the Dungeon? (default 1, ? - help)
Okay, then.
There is a stone staircase leading up here.
You climb upwards.
There is a stone staircase leading down here.
What level of the Dungeon? (default 1, ? - help)
You see here a +0 trident {polearm}.
An Orb Guardian comes into view.
Aiming: Dig
Press: ? - help, Shift-Dir - straight line This square is covered in magical glow.
The rock shatters into small pieces.
There is a stone staircase leading up here.
You climb upwards.
There is a stone staircase leading down here.
What level of the Dungeon? (default 1, ? - help)
A Brimstone Fiend comes into view.
Unknown command.
The Brimstone Fiend moves out of view.
Okay, then. [a] - 648 gold - resistance, might and haste [b] - 368 gold - heal wounds, curing and magic [c] - 460 gold - heal wounds, magic and resistance Purchase which effect?
You feel protected.
You feel very mighty all of a sudden.
You feel yourself speed up.
You see here a +0 dagger {short}.
There is a stone staircase leading up here.
You climb upwards.
There is a stone staircase leading down here.
What level of the Dungeon? (default 1, ? - help)
You see here a +0 club {mace}.
There is a stone staircase leading up here.
You climb upwards.
There is a stone staircase leading down here.
Your extra speed is starting to run out.
There is a stone staircase leading up here.
You climb upwards.
There is a stone staircase leading down here.
You feel yourself slow down.
You start to feel less resistant.
There is a stone staircase leading up here.
You feel a little less mighty now.
Your resistance to elements expires.
You climb upwards.
There is a stone staircase leading down here.
Key pressed, stopping travel.
Unknown command.
Unknown command.
Unknown command.
Unknown command.
Unknown command.
Unknown command.
What level of the Dungeon? (default 1, ? - help)
There is a stone staircase leading up here.
You climb upwards.
Level annotation: 3 runed translucent doors, captivecurve's ghost, amateur DENe
There is a stone staircase leading down here.
An ice devil comes into view.
Unknown command.
Unknown command.
The ice devil moves out of view.
What level of the Dungeon? (default 1, ? - help)
A reaper comes into view. It is wielding a +1 scythe of venom.
There is a stone staircase leading up here.
You climb upwards.
There is a stone staircase leading down here.
What level of the Dungeon? (default 1, ? - help)
There is a stone staircase leading up here.
You climb upwards.
There is a stone staircase leading down here.
There is a stone staircase leading up here.
You climb upwards.
There is a stone staircase leading down here.
You see here a +0 dagger {short}.
There is a staircase leading out of the dungeon here.
You have escaped!

Skill      XL: |  1  2  3  4  5  6  7  8  9 10 11 12 13 14 15 16 17 18 19 20 21 22 23 24 25 26 27 |
---------------+----------------------------------------------------------------------------------+-----
Spellcasting   | 3 4 5 6 8 10 12 16 18 | 18.0
Conjurations   | 4 5 6 8 10 | 10.0
Fighting       | 1 2 4 5 8 10 11 12 13 14 15 16 18 19 20 | 20.0
Earth Magic    | 1 3 4 5 6 8 10 | 10.0
Shields        | 5 |  5.0
Dodging        | 3 6 8 9 12 13 14 15 16 17 19 20 | 20.0
Hexes          | 6 7 |  7.0
Necromancy     | 1 8 12 | 12.0
Maces & Flails | 7 8 10 11 12 | 12.0
Armour         | 5 6 7 |  7.0
Ice Magic      | 4 |  4.0
Air Magic      | 4 |  4.0
Polearms       | 9 12 16 17 19 20 | 20.1
Transmutations | 4 |  4.0
Evocations     | 6 8 |  8.5
Translocations | 9 10 | 10.0
Stealth        | |  1.6

Action                     |  1- 3 |  4- 6 |  7- 9 | 10-12 | 13-15 | 16-18 | 19-21 | 22-24 | 25-27 || total
---------------------------+-------+-------+-------+-------+-------+-------+-------+-------+-------++-------
  Melee: Dagger            |       |     7 |       |       |       |       |       |       |       ||     7
         Staff             |       |       |    18 |    93 |     2 |       |    10 |       |       ||   123
         Demon whip        |       |       |       |    24 |   375 |   446 |    62 |       |       ||   907
         Glaive            |       |       |       |       |       |       |   377 |   867 |  1022 ||  2266
   Cast: Magic Dart        |    59 |   106 |   176 |   286 |    22 |     1 |       |       |       ||   650
         Searing Ray       |     3 |    10 |    11 |     3 |       |       |       |       |       ||    27
         Stone Arrow       |       |       |    47 |   244 |   406 |   538 |   397 |    27 |       ||  1659
         Fulminant Prism   |       |       |       |    32 |    11 |       |       |       |       ||    43
         Borgnjor's Vile C |       |       |       |       |   121 |   150 |   179 |   140 |    27 ||   617
         Death Channel     |       |       |       |       |    26 |    35 |    30 |    30 |    13 ||   134
         Blink             |       |       |       |       |       |     4 |       |     1 |     2 ||     7
         Anguish           |       |       |       |       |       |     1 |    12 |    34 |       ||    47
         Freezing Cloud    |       |       |       |       |       |       |    27 |    30 |     4 ||    61
         Bombard           |       |       |       |       |       |       |       |    10 |     3 ||    13
         Yara's Violent Un |       |       |       |       |       |       |       |     2 |     3 ||     5
         Vhi's Electric Ch |       |       |       |       |       |       |       |       |     4 ||     4
         Manifold Assault  |       |       |       |       |       |       |       |       |    27 ||    27
 Invoke: Call Merchant     |       |       |       |     2 |     3 |     1 |     3 |     2 |     2 ||    13
         Potion Petition   |       |       |       |       |       |       |       |     5 |    10 ||    15
         Bribe Branch      |       |       |       |       |       |       |       |     1 |     1 ||     2
  Evoke: Wand              |       |     3 |     4 |    19 |     3 |     8 |     5 |     1 |     1 ||    44
         Phial of floods   |       |       |       |       |     1 |       |     1 |     2 |       ||     4
         Tin of tremorston |       |       |       |       |     2 |     3 |     1 |     1 |     1 ||     8
         Box of beasts     |       |       |       |       |       |       |     1 |     2 |     1 ||     4
         Lightning rod     |       |       |       |       |       |       |       |     2 |       ||     2
         Phantom mirror    |       |       |       |       |       |       |       |     2 |     1 ||     3
    Use: Scroll            |     6 |     4 |     6 |     9 |    13 |     3 |     6 |    13 |    43 ||   103
   Stab: Distracted        |       |       |       |     1 |     9 |    13 |    26 |    57 |    96 ||   202
         Petrified         |       |       |       |       |     2 |       |       |       |       ||     2
         Sleeping          |       |       |       |       |       |     1 |     7 |     5 |    14 ||    27
         Invisible         |       |       |       |       |       |       |     2 |     1 |       ||     3
         Confused          |       |       |       |       |       |       |       |       |     8 ||     8
 Armour: Robe              |     4 |    45 |    43 |     7 |       |       |       |       |       ||    99
         Leather armour    |       |       |       |   181 |   189 |       |       |       |       ||   370
         Acid dragon scale |       |       |       |       |   111 |   383 |   261 |   332 |   193 ||  1280
  Dodge: Dodged            |     9 |    37 |    75 |   346 |   494 |   817 |   594 |   796 |   843 ||  4011
  Block: Buckler           |       |       |     5 |   206 |   250 |   574 |    85 |       |       ||  1120
         Reflection        |       |       |       |    18 |    29 |    83 |    27 |       |       ||   157
Riposte: Demon whip        |       |       |       |       |    56 |   244 |    27 |       |       ||   327
         Staff             |       |       |       |       |       |       |     6 |       |       ||     6
         Glaive            |       |       |       |       |       |       |    88 |   129 |   160 ||   377

Levels and vault maps discovered:
D:1:      giann_bridges, layout_loops_ring
D:2:      layout_loops_corners, shapermc_ecumenical_altar_rom_forum,
          nrook_mini_backslash, minmay_misc_feat_secret_circle,
          nicolae_concentric_dashed_squares_mild, minmay_crystal_room
D:3:      layout_rooms, kennysheep_path_1, nicolae_hexahallways,
          nicolae_half_adder
D:4:      layout_cave_pods, mainiacjoe_overflow_big_doors,
          gammafunk_ghost_necromancy, serial_demonic, serial_demonic_c,
          serial_demonic_b, serial_demonic_d, serial_demonic_f,
          serial_demonic_g, serial_demonic_f, serial_demonic_g
D:5:      minmay_evil_eye, layout_loops_ring, mainiacjoe_overflow_chevrons,
          nicolae_uskayaw_suspiria, trog_butcher_becter, uniq_edmund
D:6:      layout_basic, mainiacjoe_overflow_concentric_impassable, serial_glass,
          glass_columns_a, glass_columns_c
D:7:      layout_rooms, temple_pool_b, enter_bailey_5
D:8:      layout_loops_cross, fedhas_altar_4
D:9:      cheibrodos_grave_circle, layout_grid_maze,
          lemuel_coloured_pillars_altar, ashenzari_altar_1, david_lair_generic,
          minmay_misc_feat_five, uniq_harold, uniq_maurice, uniq_joseph
D:10:     layout_cross, chequers_serial_rivers_large_a, uniq_josephine
D:11:     layout_roguey [special_room_orc],
          kennysheep_orc_monster_closet_entryway, uniq_erolcha
D:12:     layout_stronghold, serial_shops, nicolae_shop_scrapyard
D:13:     layout_stronghold, serial_shops, nicolae_shop_statue_plus
D:14:     layout_basic, erik_vaults_2, lemuel_doored_altar, uniq_kirke,
          uniq_frances, uniq_roxanne
D:15:     hangedman_depths_entry_civil_slaughter, layout_long_grid,
          portal_ice_cave_entry_horrid_things, solitary_fountain,
          minmay_misc_feat_roman, zin_scriptorium
Temple:   nicolae_temple_bog_church
Lair:1:   layout_hall_layers, uniq_sonja, uniq_amaemon, uniq_urug
Lair:2:   layout_regular_city, elwin_shoals_entry_rooms,
          minmay_snake_entry_six_corridors
Lair:3:   layout_long_grid, serial_bayou_shore_b, infiniplex_staircase_pool_2,
          lemuel_fruit_fields
Lair:4:   layout_roguey, slime_entry_2
Lair:5:   wormcave, layout_loops_ring, hangedman_lair_caniforms_friends,
          infiniplex_staircase_pool
Shoals:1: layout_shoals, nicolae_shoals_cliffside_cave, nicolae_splish_splash
Shoals:2: layout_shoals, ebering_ghost_davey_jones,
          nicolae_shoals_spectral_cove, uniq_ilsuiw
Shoals:3: cheibrodos_shoals_baths, layout_shoals, nicolae_shop_firing_range
Shoals:4: shoals_end_simple, layout_shoals, nzn_prometheus_bound
Snake:1:  layout_rooms, ebering_ghost_reflecting_pool,
          nicolae_snake_yet_another_twisty_hallway, uniq_agnes
Snake:2:  layout_chambers, serial_shops, nicolae_shop_tiny_real_fake_doors,
          evilmike_ambush [evilmike_ambush_outer_corners,
          evilmike_ambush_inner_basic], uniq_jorgrun
Snake:3:  layout_basic, serial_shops, nicolae_shop_getting_attention,
          serial_corexii_hall, corexii_hall_statues_l, chequers_hall_statues_y,
          uniq_aizul
Snake:4:  grunt_snake_rune_serpentine_throne, layout_basic
Slime:1:  nicolae_slime_pool, layout_caves, basic_altar
Slime:2:  layout_caves
Slime:3:  layout_caves
Slime:4:  layout_caves, nicolae_slime_crime_time
Slime:5:  slime_pit_nicolae_inversion
Orc:1:    layout_diamond_mine, serial_shops, shop
Orc:2:    st_orc_mages, layout_caves, gammafunk_ghost_cemetery
Elf:1:    layout_geoelf_octagon, hangedman_elf_represent
Elf:2:    nicolae_elf_blades_crystal_corner, layout_geoelf_diagonals,
          uniq_louise
Elf:3:    grunt_elf_hall_spiral, layout_loops_corners, drop_trap
Vaults:1: nicolae_vaults_tangent_ellipses, vaults_room_grid, grunt_vaults_swirl,
          nicolae_vaults_network_barrier, hangedman_vaults_stream,
          v_alt_pattern_5, vaults_room_grunt_arrival_ludios,
          nicolae_vaults_alarming, nicolae_vaults_specimen_jars,
          vaults_dpeg_emergency_exit, grunt_vaults_focal,
          layout_vaults_omnicross, uniq_norris
Vaults:2: advil_vaults_ghost_lines, nicolae_vaults_two_Ls,
          nicolae_vaults_ring_of_whatevers, nicolae_vaults_house_2,
          nicolae_vaults_storage_closets_3, vaults_room_fours,
          nicolae_vaults_wine_cellar, layout_vaults_big_room,
          nicolae_trove_entry_crossroad
Vaults:3: nicolae_vaults_rhombus_5, grunt_tower_of_power,
          nicolae_vaults_ring_of_whatevers, ontoclasm_vaults_chip,
          vaults_room_grunt_arrival_checkpoint, vaults_room_corners,
          nicolae_vaults_network_s, minmay_crypt_entry_simple_box,
          nicolae_vaults_sightless_eye, nicolae_vaults_little_squares_3,
          hangedman_vaults_capsules, vaults_dpeg_cross,
          nicolae_vaults_tangram_1, layout_vaults_ring
Vaults:4: nzn_ghost_randoct, nicolae_vaults_cornered_office,
          nicolae_vaults_layer_cake_slice, nicolae_vaults_diamond_2,
          v_pattern_2, nicolae_vaults_little_squares_5, vaults_room_door_hall,
          nicolae_vaults_little_squares_4, layout_vaults_quadrants
Vaults:5
Crypt:1:  layout_misc_corridors, grunt_crypt_arrival_split, uniq_mennas
Crypt:2:  layout_gridlike, nrook_guardian_serpent_ordinary,
          lemuel_upstairs_altar, grunt_megastairs_4, uniq_khufu
Crypt:3:  evilmike_haunted_forest
Tomb:1
Tomb:2
Tomb:3
Depths:1: layout_basic, grunt_metal_band, serial_bayou_pond_e, serial_rivers,
          chequers_serial_rivers_room_b, chequers_serial_rivers_marsh,
          chequers_serial_rivers_micro_d, chequers_serial_rivers_micro_d,
          abyss_entry_flame_altar, hangedman_corner_corridor, uniq_bai_suzhen
Depths:2: kennysheep_large_spiral, layout_cave_shapes, pan_entry,
          minmay_crystal_water, hangedman_tar_grid_catacomb,
          minmay_staircase_bubble
Depths:3: grunt_profane_halls [grunt_profane_temple_geh,
          grunt_profane_temple_coc, grunt_profane_temple_tar,
          grunt_profane_temple_dis, grunt_profane_loot], hell_entry,
          abyss_entry, uniq_saint_roka
Depths:4: regret_index_qazlal_generations, layout_basic, enter_ziggurat_d,
          pf_vacation_house_of_asmodeus
Zot:1:    layout_cellular_growth
Zot:2:    layout_gridlike, uniq_josephina
Zot:3:    layout_onion_interference
Zot:4:    layout_basic
Zot:5:    layout_misc_corridors

Notes
Turn   | Place    | Note
-------+----------+-------------------------------------------
     0 | D:1      | MackTheKnife the Mummy Conjurer began the quest for the
                  | Orb.
     0 | D:1      | Reached XP level 1. HP: 13/13 MP: 4/4
     0 | D:1      | magus.rc [v1.9.6]
   136 | D:1      | Reached skill level 3 in Spellcasting
   245 | D:1      | Reached XP level 2. HP: 19/19 MP: 4/6
   248 | D:1      | Learned a level 2 spell: Searing Ray
   833 | D:2      | Identified the of Zesedghio
   919 | D:2      | Found a faded altar of an unknown god.
   938 | D:2      | Reached XP level 3. HP: 24/24 MP: 4/8
   994 | D:2      | Reached skill level 4 in Spellcasting
  1181 | D:2      | You pick up a book of Necromancy and begin reading...
  1181 | D:2      | You add the spells Necrotise, Vampiric Draining and Agony
                  | to your library.
  2165 | D:3      | Reached skill level 4 in Conjurations
  2375 | D:3      | Reached XP level 4. HP: 30/30 MP: 3/10
  2434 | D:3      | You pick up a book of Geomancy and begin reading...
  2434 | D:3      | You add the spells Sandblast, Passwall, Stone Arrow and
                  | Brom's Barrelling Boulder to your library.
  2827 | D:3      | Reached skill level 1 in Fighting
  3051 | D:3      | Reached XP level 5. HP: 37/37 MP: 2/12
  3104 | D:3      | Reached skill level 5 in Spellcasting
  3646 | D:4      | Noticed a black bear
  3670 | D:4      | Killed a black bear
  3671 | D:4      | Reached skill level 2 in Fighting
  4142 | D:4      | Found a sparkling altar of Nemelex Xobeh.
  4163 | D:4      | Found a shadowy altar of Dithmenos.
  4226 | D:4      | Reached XP level 6. HP: 44/46 MP: 8/14
  4321 | D:4      | You add the spells Blink and Manifold Assault to your
                  | library.
  4465 | D:4      | Found a runed translucent gate.
  4466 | D:4      | Found a runed translucent gate.
  4467 | D:4      | Found a runed translucent gate.
  4472 | D:4      | Noticed captivecurve's ghost (amateur DENe)
  4566 | D:4      | Reached skill level 3 in Fighting
  4652 | D:4      | You pick up a book of Debilitation and begin reading...
  4652 | D:4      | You add the spells Sigil of Binding and Confusing Touch to
                  | your library.
  5015 | D:5      | Entered Level 5 of the Dungeon
  5095 | D:5      | Reached skill level 6 in Spellcasting
  5229 | D:5      | Noticed an ice beast
  5243 | D:5      | Killed an ice beast
  5244 | D:5      | Reached skill level 4 in Fighting
  5244 | D:5      | Reached XP level 7. HP: 43/54 MP: 0/17
  5514 | D:5      | Noticed Edmund
  5524 | D:5      | Killed Edmund
  5525 | D:5      | Reached skill level 7 in Spellcasting
  5670 | D:5      | Reached skill level 8 in Spellcasting
  5882 | D:5      | Learned a level 3 spell: Stone Arrow
  5944 | D:5      | Found a bloodstained altar of Trog.
  6051 | D:5      | Identified a scroll of acquirement
  6052 | D:5      | Acquired the ring of Toirav {EV+5 Int+2}
  6228 | D:5      | Reached skill level 1 in Earth Magic
  6332 | D:5      | Found an iron altar of Okawaru.
  6418 | D:5      | Found a hide-covered altar of Uskayaw.
  6646 | D:6      | Reached XP level 8. HP: 60/60 MP: 15/20
  6904 | D:6      | Reached skill level 9 in Spellcasting
  6916 | D:6      | Reached skill level 2 in Earth Magic
  7063 | D:6      | Found a basalt altar of Yredelemnul.
  7189 | D:6      | Reached skill level 5 in Conjurations
  7420 | D:6      | Reached skill level 3 in Earth Magic
  7889 | D:7      | Found a flagged portal.
  7946 | D:7      | Learned a level 2 spell: Blink
  7947 | Bailey   | Entered a bailey
  8133 | Bailey   | Reached skill level 10 in Spellcasting
  8219 | Bailey   | Reached XP level 9. HP: 62/65 MP: 10/23
  8388 | Bailey   | Acquired the +3 warlock's mirror {omnireflect}
  8388 | Bailey   | Found the +3 warlock's mirror {omnireflect}
  8508 | Bailey   | Noticed a kobold demonologist
  8638 | Bailey   | Reached skill level 1 in Shields
  8638 | Bailey   | Reached skill level 4 in Earth Magic
  8645 | Bailey   | Reached skill level 6 in Conjurations
  8711 | Bailey   | Reached skill level 2 in Shields
  8719 | Bailey   | Noticed an orc knight
  8740 | Bailey   | Killed an orc knight
  8741 | Bailey   | Reached skill level 3 in Shields
  8751 | Bailey   | Reached skill level 4 in Shields
  9032 | Bailey   | Noticed an orc knight
  9038 | Bailey   | Killed an orc knight
  9039 | Bailey   | Reached skill level 5 in Shields
  9039 | Bailey   | Reached skill level 2 in Dodging
  9178 | Bailey   | Killed a kobold demonologist
  9179 | Bailey   | Reached skill level 5 in Fighting
  9235 | Bailey   | Reached skill level 3 in Dodging
  9342 | Bailey   | Found an iron altar of Okawaru.
  9508 | D:7      | Reached XP level 10. HP: 72/74 MP: 16/24
  9695 | D:7      | Found a staircase to the Ecumenical Temple.
  9704 | Temple   | Entered the Ecumenical Temple
  9716 | Temple   | Became a worshipper of Gozag Ym Sagoz the Greedy
 10289 | D:8      | You pick up a book of the Senses and begin reading...
 10400 | D:8      | Reached skill level 6 in Fighting
 10400 | D:8      | Reached skill level 4 in Dodging
 11214 | D:8      | Found a blossoming altar of Fedhas.
 11354 | D:9      | Noticed Maurice
 11358 | D:9      | Killed Maurice
 11419 | D:9      | Noticed Joseph
 11804 | D:9      | Reached skill level 7 in Fighting
 11804 | D:9      | Reached skill level 5 in Dodging
 11929 | D:9      | Killed Joseph
 12097 | D:9      | Found a staircase to the Lair.
 12240 | D:9      | Noticed an elephant
 12404 | D:9      | Found a broken altar of Ashenzari.
 12417 | D:9      | You pick up a book of the Hunter and begin reading...
 12417 | D:9      | You add the spells Call Canine Familiar, Dimensional
                  | Bullseye and Leda's Liquefaction to your library.
 12432 | D:9      | Reached skill level 8 in Fighting
 12449 | D:9      | Reached skill level 6 in Dodging
 12744 | D:9      | Reached XP level 11. HP: 86/86 MP: 12/25
 12902 | D:9      | Learned a level 4 spell: Fulminant Prism
 13028 | D:9      | Reached skill level 1 in Hexes
 13056 | D:9      | Noticed a two-headed ogre
 13138 | D:9      | Killed a two-headed ogre
 13139 | D:9      | Reached skill level 5 in Earth Magic
 13453 | D:9      | Noticed Harold
 13461 | D:9      | Killed Harold
 13462 | D:9      | Reached skill level 7 in Conjurations
 13462 | D:9      | Reached skill level 2 in Hexes
 13917 | D:9      | Reached skill level 3 in Hexes
 13974 | D:9      | Found a radiant altar of Vehumet.
 14048 | D:9      | Bought a book of Unlife for 432 gold pieces
 14048 | D:9      | You pick up a book of Unlife and begin reading...
 14048 | D:9      | You add the spells Borgnjor's Vile Clutch and Death Channel
                  | to your library.
 14117 | D:10     | Entered Level 10 of the Dungeon
 14267 | D:10     | Noticed Josephine
 14423 | D:9      | Killed Josephine
 14424 | D:9      | Reached skill level 4 in Hexes
 15045 | D:10     | Reached skill level 8 in Conjurations
 15366 | D:12     | Identified the of Haptoitei
 15366 | Lair:1   | Entered Level 1 of the Lair of Beasts
 15369 | Lair:1   | Reached skill level 5 in Hexes
 15685 | Lair:1   | Noticed Sonja
 15695 | Lair:1   | Killed Sonja
 15696 | Lair:1   | Reached skill level 6 in Hexes
 15900 | Lair:1   | Learned a level 6 spell: Death Channel
 15906 | Lair:1   | Learned a level 5 spell: Borgnjor's Vile Clutch
 15940 | Lair:1   | Reached skill level 1 in Necromancy
 16170 | Lair:1   | Noticed Amaemon
 16192 | Lair:1   | Reached XP level 12. HP: 92/92 MP: 10/26
 16196 | Lair:1   | Killed Amaemon
 16197 | Lair:1   | Reached skill level 2 in Necromancy
 16430 | Lair:1   | Reached skill level 3 in Necromancy
 16436 | Lair:1   | Reached skill level 11 in Spellcasting
 16875 | Lair:1   | Noticed Urug
 16887 | Lair:1   | Killed Urug
 16888 | Lair:1   | Reached skill level 4 in Necromancy
 17060 | Lair:1   | Reached skill level 5 in Necromancy
 17473 | Lair:1   | Reached skill level 12 in Spellcasting
 17763 | Lair:1   | Reached skill level 6 in Necromancy
 18181 | Lair:2   | Reached skill level 7 in Necromancy
 18363 | Lair:2   | Noticed a six-headed hydra
 18372 | Lair:2   | Killed a six-headed hydra
 18487 | Lair:2   | You add the spells Alistair's Intoxication and Eringya's
                  | Noxious Bog to your library.
 18503 | Lair:2   | Bought a +2 helmet of intelligence for 322 gold pieces
 18664 | Lair:2   | Found a staircase to the Shoals.
 18935 | Lair:2   | Reached skill level 8 in Necromancy
 19059 | Lair:2   | Found a staircase to the Snake Pit.
 19756 | Lair:3   | Reached skill level 6 in Earth Magic
 19756 | Lair:3   | Gained mutation: You are strongly in touch with the powers
                  | of death. [Mummy growth]
 19756 | Lair:3   | Reached XP level 13. HP: 80/98 MP: 18/29
 20425 | Lair:3   | Reached skill level 9 in Necromancy
 21170 | Lair:4   | Found a runed translucent door.
 21172 | Lair:4   | Found a viscous altar of Jiyva.
 21172 | Lair:4   | Noticed an acid blob
 21219 | Lair:4   | Noticed an acid blob
 21220 | Lair:4   | Noticed an acid blob
 21222 | Lair:4   | Found a staircase to the Slime Pits.
 21569 | Lair:4   | Reached skill level 7 in Earth Magic
 21890 | Lair:4   | Reached skill level 10 in Necromancy
 22287 | Lair:4   | Learned a level 3 spell: Vampiric Draining
 22901 | Lair:5   | Entered Level 5 of the Lair of Beasts
 23300 | Lair:5   | Reached skill level 8 in Earth Magic
 23391 | Lair:5   | Reached skill level 11 in Necromancy
 23726 | Lair:5   | You pick up a book of Air and begin reading...
 23726 | Lair:5   | You add the spells Shock, Swiftness and Airstrike to your
                  | library.
 23792 | Lair:5   | Reached skill level 12 in Necromancy
 23955 | Lair:5   | You pick up a book of Cantrips and begin reading...
 23955 | Lair:5   | You add the spells Summon Small Mammal and Apportation to
                  | your library.
 24248 | Lair:5   | Reached XP level 14. HP: 106/106 MP: 18/30
 24800 | Lair:5   | Reached skill level 9 in Fighting
 24817 | Lair:5   | Found a runed translucent door.
 24848 | Lair:5   | Reached skill level 7 in Dodging
 25829 | Lair:5   | Reached skill level 10 in Fighting
 25986 | Lair:5   | Reached skill level 1 in Maces & Flails
 25986 | Lair:5   | Reached skill level 8 in Dodging
 26176 | Lair:5   | Reached skill level 2 in Maces & Flails
 26807 | Lair:5   | Reached skill level 3 in Maces & Flails
 26931 | Lair:5   | Bought a jewelled morningstar for 351 gold pieces
 26931 | Lair:5   | Identified the +4 morningstar "Quget" {flame, +Blink Str+4}
                  | (You bought it in a shop on level 5 of the Lair of Beasts)
 27101 | D:11     | Reached skill level 4 in Maces & Flails
 27292 | D:11     | Found a staircase to the Orcish Mines.
 27296 | D:11     | Noticed Erolcha
 27303 | D:11     | Killed Erolcha
 27491 | D:11     | Reached skill level 5 in Maces & Flails
 27951 | D:11     | You pick up a book of Minor Magic and begin reading...
 27951 | D:11     | You add the spells Call Imp and Mephitic Cloud to your
                  | library.
 28116 | D:11     | Reached skill level 6 in Maces & Flails
 28442 | D:11     | HP: 23/110 [centaur warrior/arrow (19)]
 28937 | Orc:1    | Entered Level 1 of the Orcish Mines
 29346 | Orc:1    | Found Kopseh's Assorted Antiques.
 29619 | Orc:2    | Entered Level 2 of the Orcish Mines
 29909 | Orc:2    | Reached skill level 7 in Maces & Flails
 29914 | Orc:2    | Found a runed translucent gate.
 29914 | Orc:2    | Found a runed translucent gate.
 29914 | Orc:2    | Found a runed translucent gate.
 30012 | Orc:2    | Noticed Amnesiac's ghost (journeyman DjCj)
 30013 | Orc:2    | Noticed rocker's ghost (journeyman DgGl)
 30013 | Orc:2    | Noticed Graknight's ghost (journeyman GrFi)
 30128 | Orc:2    | Found a staircase to the Elven Halls.
 30199 | Orc:2    | Reached XP level 15. HP: 114/115 MP: 14/31
 30527 | Orc:2    | Found Zimo Asam's Book Boutique.
 30527 | Orc:2    | Found Moravest's Weapon Shop.
 30541 | Orc:2    | Found Siuqikh's Magic Scroll Boutique.
 30541 | Orc:2    | Found Siemos's General Store.
 30678 | Orc:2    | Bought a scroll of blinking for 135 gold pieces
 30678 | Orc:2    | Bought a scroll of revelation for 135 gold pieces
 30678 | Orc:2    | Bought a scroll of revelation for 135 gold pieces
 31186 | D:11     | Bought the +0 pair of fencer's gloves {Riposte Dex+3} for
                  | 920 gold pieces
 31186 | D:11     | Found the +0 pair of fencer's gloves {Riposte Dex+3}
 31197 | D:11     | Bought glimmering acid dragon scales for 1035 gold pieces
 31197 | D:11     | Identified the +4 acid dragon scales of the Blue Skies
                  | {rCorr Int-2 Dex+10} (You bought it in a shop on level 11
                  | of the Dungeon)
 31302 | D:12     | You add the spells Summon Lightning Spire, Monstrous
                  | Menagerie and Summon Horrible Things to your library.
 31961 | D:12     | Reached skill level 1 in Armour
 32376 | D:12     | Found Arufoc's Armour Shoppe.
 33199 | D:13     | Found Zeumuruh's Magic Scroll Shop.
 33263 | D:13     | Bought a scroll of blinking for 105 gold pieces
 33263 | D:13     | Bought a scroll of enchant weapon for 105 gold pieces
 33263 | D:13     | Bought a scroll of acquirement for 728 gold pieces
 33264 | D:13     | Acquired 474 gold pieces
 33281 | D:13     | Reached skill level 8 in Maces & Flails
 33827 | D:14     | Reached skill level 2 in Armour
 33902 | D:14     | Found a gate to the Vaults.
 33926 | D:14     | Reached skill level 3 in Armour
 34014 | D:14     | Noticed Kirke
 34161 | D:14     | Killed Kirke
 34248 | D:14     | Found a burning altar of Makhleb.
 34299 | D:14     | Noticed Frances
 34316 | D:14     | Killed Frances
 34499 | D:14     | Reached skill level 11 in Fighting
 34555 | D:14     | Identified the granite talisman of Midsummer {Str+4}
 34555 | D:14     | Noticed Roxanne
 34578 | D:14     | Killed Roxanne
 34579 | D:14     | Reached skill level 9 in Dodging
 34832 | D:15     | Entered Level 15 of the Dungeon
 34929 | D:15     | Reached skill level 4 in Armour
 34993 | D:15     | Found a frozen archway.
 34999 | IceCv    | Entered an ice cave
 35123 | IceCv    | Found a transporter.
 35152 | IceCv    | Found a transporter.
 35269 | D:15     | Found a staircase to the Depths.
 35683 | D:15     | Reached skill level 5 in Armour
 36447 | Snake:1  | Entered Level 1 of the Snake Pit
 36492 | Snake:1  | Reached XP level 16. HP: 105/127 MP: 17/32
 36504 | Snake:1  | Reached skill level 12 in Fighting
 36520 | Snake:1  | You pick up a book of Vapours and begin reading...
 36520 | Snake:1  | You add the spells Poisonous Vapours and Freezing Cloud to
                  | your library.
 36761 | Snake:1  | Noticed Agnes
 36768 | Snake:1  | Killed Agnes
 36829 | Snake:1  | Found a runed translucent door.
 36905 | Snake:1  | Reached skill level 10 in Dodging
 37004 | Snake:1  | Reached skill level 6 in Armour
 37625 | Snake:1  | Noticed Romunoh's ghost (adept SpBr)
 37658 | Snake:1  | Killed Romunoh's ghost
 37940 | Shoals:1 | Entered Level 1 of the Shoals
 37952 | Shoals:1 | Reached skill level 11 in Dodging
 38704 | Shoals:1 | Reached skill level 12 in Dodging
 39424 | Shoals:2 | Noticed Ilsuiw
 39609 | Shoals:2 | magus.rc [v1.9.6]
 39611 | Shoals:2 | Reached skill level 9 in Maces & Flails
 40031 | Shoals:2 | Identified the +0 robe of Dydwicroq {Str+2 Int+2}
 40135 | Shoals:2 | Killed Ilsuiw
 40193 | Shoals:2 | Identified the +6 morningstar of Demand {heavy, Will- Dex+3
                  | Stlth+}
 40196 | Shoals:2 | Noticed Wusuin's ghost (adept MiBe)
 40197 | Shoals:2 | Identified the +9 glaive "Pyskesmuz" {spect, rElec rF++
                  | Dex+4 SInv}
 40197 | Shoals:2 | Identified the ring of Elyvilon's Castigation {AC+4 Int+4
                  | SInv}
 40203 | Shoals:2 | Found a transporter.
 40205 | Shoals:2 | Found a transporter.
 40394 | Shoals:2 | Identified the ring of Zidghuox {Str+3 Int-2 Dex+6 Slay+2}
 40409 | Shoals:2 | Reached skill level 10 in Maces & Flails
 41033 | Shoals:3 | Reached XP level 17. HP: 133/133 MP: 10/33
 41542 | Shoals:3 | Reached skill level 7 in Armour
 41766 | Shoals:3 | Found Yromoing's Firing Range.
 41852 | Shoals:3 | You pick up a book of Ice and begin reading...
 41852 | Shoals:3 | You add the spells Ozocubu's Refrigeration and Polar Vortex
                  | to your library.
 42229 | Shoals:4 | Entered Level 4 of the Shoals
 42296 | Shoals:3 | Bought a pair of ancient boots for 275 gold pieces
 42296 | Shoals:3 | Identified the +0 pair of boots of Menop {Stlth+} (You
                  | bought it in a shop on level 3 of the Shoals)
 42304 | Shoals:3 | magus.rc [v1.9.6]
 42336 | Shoals:4 | You pick up a book of Fire and begin reading...
 42336 | Shoals:4 | You add the spells Foxfire, Plasma Beam and Starburst to
                  | your library.
 42848 | Shoals:4 | Identified the +1 robe of Tenacity {rPois rF+ Archmagi}
 43474 | Shoals:4 | Reached skill level 13 in Fighting
 43484 | Shoals:4 | Got a barnacled rune of Zot
 43694 | Shoals:4 | Reached skill level 11 in Maces & Flails
 44674 | Snake:2  | Reached skill level 13 in Dodging
 45198 | Snake:2  | Found Zuyghach's Jewellery Shop.
 45664 | Snake:2  | You pick up a book of Displacement and begin reading...
 45664 | Snake:2  | You add the spells Lesser Beckoning, Gell's Gravitas and
                  | Teleport Other to your library.
 45812 | Snake:2  | Noticed Jorgrun
 46262 | Snake:3  | Reached XP level 18. HP: 145/145 MP: 22/34
 46690 | Snake:3  | Reached skill level 14 in Fighting
 46943 | Snake:3  | Found Buwot's Jewellery Boutique.
 47344 | Snake:3  | Identified the serpent talisman of Dapeoff {rN++}
 47344 | Snake:3  | Noticed Aizul
 47355 | Snake:3  | Killed Aizul
 47525 | Snake:4  | Entered Level 4 of the Snake Pit
 47551 | Snake:4  | Reached skill level 12 in Maces & Flails
 47631 | Snake:4  | Reached skill level 14 in Dodging
 47662 | Snake:4  | Reached skill level 13 in Spellcasting
 47916 | Snake:4  | Reached skill level 14 in Spellcasting
 47927 | Snake:4  | Noticed Vashnia
 47936 | Snake:4  | Killed Vashnia
 48272 | Snake:4  | Got a serpentine rune of Zot
 48332 | Snake:4  | Reached skill level 15 in Spellcasting
 48877 | Snake:4  | Reached skill level 16 in Spellcasting
 49564 | Snake:3  | You pick up a book of Dreams and begin reading...
 49564 | Snake:3  | You add the spells Jinxbite, Ensorcelled Hibernation and
                  | Anguish to your library.
 49586 | Snake:4  | Learned a level 4 spell: Anguish
 49597 | Snake:3  | Reached XP level 19. HP: 152/152 MP: 20/39
 50023 | Snake:3  | Learned a level 5 spell: Freezing Cloud
 50308 | Crypt:3  | Identified the "Ceaxor"
 50308 | Depths:4 | Identified the of Yfutott
 50308 | Elf:1    | Entered Level 1 of the Elven Halls
 50403 | Elf:1    | Reached skill level 1 in Ice Magic
 50403 | Elf:1    | Reached skill level 1 in Air Magic
 50804 | Elf:1    | Reached skill level 2 in Ice Magic
 50804 | Elf:1    | Reached skill level 2 in Air Magic
 51005 | Elf:1    | You fall into a shaft and drop 1 floor!
 51238 | Elf:2    | Noticed Louise
 51288 | Elf:2    | Identified the +10 dagger of Immorality {elec, rC+ Int+3}
 51405 | Elf:2    | Found the +9 sword of Power {lifebolt}
 51408 | Elf:2    | Reached skill level 3 in Air Magic
 51510 | Elf:1    | Reached skill level 3 in Ice Magic
 52833 | Elf:2    | Reached skill level 4 in Ice Magic
 52833 | Elf:2    | Reached skill level 4 in Air Magic
 52957 | Elf:2    | Found a runed translucent gate.
 52958 | Elf:2    | Found a runed translucent gate.
 52958 | Elf:2    | Found a runed translucent gate.
 53148 | Elf:3    | Identified the "Efi Gose"
 53148 | Elf:3    | Entered Level 3 of the Elven Halls
 53556 | Elf:3    | Identified the +7 rapier of Annoyance {speed, rPois rF-
                  | Int+2}
 53728 | Elf:3    | Identified the +1 rapier "Ipec" {drain, Str-5 Int+5}
 53768 | Elf:3    | Identified the amulet "Kattaf" {Reflect rPois SH+5}
 53909 | Elf:2    | Bought a scroll of blinking for 202 gold pieces
 53909 | Elf:2    | Bought a shiny buckler for 202 gold pieces
 54254 | Elf:3    | Identified the staff of Nazoiff {rN+ Int+3 Stlth+ Necro
                  | Tmut}
 54264 | Elf:3    | Identified the staff "Lacan" {rElec rPois rC+ rN+ Will+
                  | Poison}
 54331 | Elf:3    | Reached skill level 15 in Fighting
 54635 | Elf:3    | Identified the staff "Embalmer" {rCorr MP+9 Conj Poison}
 54911 | Elf:3    | Reached skill level 15 in Dodging
 55054 | Elf:3    | Identified the ring of Bujero {+Blink rN+ Str+6}
 55167 | Elf:3    | You pick up a book of Cantrips and begin reading...
 55248 | Elf:3    | You pick up a book of Iron and begin reading...
 55248 | Elf:3    | You add the spells Animate Armour and Lee's Rapid
                  | Deconstruction to your library.
 55252 | Elf:3    | Identified the +8 orcbow "Divuetaxt" {flame, Int+2}
 55252 | Elf:3    | Identified the ring of the Unicorn {rC- MP+9 Int+5}
 55273 | Elf:3    | Found the +3 hat of Pondering {ponderous, Will+ MP+10
                  | Int+5}
 55901 | Vaults:1 | Entered Level 1 of the Vaults
 56201 | Vaults:1 | Reached XP level 20. HP: 137/164 MP: 21/40
 56294 | Vaults:1 | You pick up a book of Decay and begin reading...
 56294 | Vaults:1 | You add the spells Cigotuvi's Dreadful Rot and Dispel
                  | Undead to your library.
 56395 | Vaults:1 | Noticed Norris
 56405 | Vaults:1 | Reached skill level 16 in Fighting
 56407 | Vaults:1 | Killed Norris
 56654 | Vaults:1 | Identified the +0 great sword "Qeech" {vamp, Fragile rN+
                  | Str+3 Dex+3}
 56976 | Vaults:1 | Reached skill level 16 in Dodging
 57053 | Vaults:1 | Reached skill level 1 in Polearms
 57059 | Vaults:1 | Reached skill level 2 in Polearms
 57067 | Vaults:1 | Reached skill level 3 in Polearms
 57181 | Vaults:1 | Reached skill level 4 in Polearms
 57339 | Vaults:1 | You pick up a book of Callings and begin reading...
 57371 | Vaults:1 | You add the spells Ignite Poison, Sticky Flame and Ignition
                  | to your library.
 57432 | Vaults:1 | Reached skill level 5 in Polearms
 58125 | Vaults:2 | Reached skill level 6 in Polearms
 58374 | Vaults:2 | Found a portal to a secret trove of treasure.
 58440 | Vaults:2 | Reached skill level 7 in Polearms
 58830 | Vaults:2 | Found a large runed translucent door.
 58830 | Vaults:2 | Found a large runed translucent door.
 58831 | Vaults:2 | Found a large runed translucent door.
 58832 | Vaults:2 | Found a large runed translucent door.
 58835 | Vaults:2 | Noticed Wiath's ghost (adept DrBr)
 58836 | Vaults:2 | Found a large runed translucent door.
 58857 | Vaults:2 | Found a large runed translucent door.
 58858 | Vaults:2 | Found a large runed translucent door.
 58858 | Vaults:2 | Found a large runed translucent door.
 59087 | Vaults:2 | Reached skill level 8 in Polearms
 59888 | Vaults:2 | Killed Wiath's ghost
 59963 | Vaults:2 | Reached skill level 9 in Polearms
 60376 | Vaults:3 | Reached XP level 21. HP: 93/171 MP: 41/41
 60655 | Vaults:3 | You pick up a book of Misfortune and begin reading...
 60655 | Vaults:3 | You add the spells Inner Flame, Yara's Violent Unravelling
                  | and Enfeeble to your library.
 60662 | Vaults:3 | Learned a level 5 spell: Yara's Violent Unravelling
 60816 | Vaults:3 | Reached skill level 1 in Transmutations
 60900 | Vaults:3 | Reached skill level 10 in Polearms
 60998 | Vaults:3 | Reached skill level 7 in Hexes
 60998 | Vaults:3 | Reached skill level 2 in Transmutations
 61111 | Vaults:3 | Found a staircase to the Crypt.
 61634 | Vaults:3 | Reached skill level 3 in Transmutations
 61637 | Vaults:3 | Identified the -2 hat of Relativism {Str+6 SInv}
 61641 | Vaults:3 | Identified the +1 robe of Grottiness {Will+++ Str+2 Int-2
                  | Stlth-}
 61655 | Vaults:3 | Found a radiant altar of Vehumet.
 61668 | Vaults:3 | Identified the -1 hat "Sapas Uc Qipt" {Dex+3}
 61673 | Vaults:3 | You pick up a book of Power and begin reading...
 61673 | Vaults:3 | You add the spells Iskenderun's Battlesphere, Bombard and
                  | Spellforged Servitor to your library.
 61696 | Vaults:3 | Identified the +0 hat of Tartarus {Str+3 Dex+2}
 61938 | Vaults:3 | Reached skill level 4 in Transmutations
 62298 | Vaults:4 | Reached skill level 1 in Evocations
 62299 | Vaults:4 | Reached skill level 11 in Polearms
 62734 | Vaults:4 | Reached skill level 2 in Evocations
 62963 | Vaults:4 | Identified the +8 battleaxe of Hubris {protect, *Slow
                  | Will++ Str+3 Int+8}
 63052 | Vaults:4 | Reached skill level 3 in Evocations
 63256 | Vaults:4 | Found a transporter.
 63258 | Vaults:4 | Noticed jt's ghost (veteran NaNe)
 63261 | Vaults:4 | Found a transporter.
 63917 | Depths:1 | Entered Level 1 of the Depths
 64043 | Depths:1 | Reached skill level 4 in Evocations
 64043 | Depths:1 | Noticed Margery
 64075 | Depths:1 | Killed Margery
 64121 | Depths:1 | Found a gateway to Hell.
 64123 | Depths:1 | 6 gold pieces; a +5 demon blade of draining {long}; +2
                  | shadow dragon scales {rare}
 64129 | Depths:1 | 6 gold pieces; a +5 demon blade of draining {long}; +2
                  | shadow dragon scales {rare}
 64134 | Depths:1 | Reached skill level 12 in Polearms
 64141 | Depths:1 | Reached skill level 5 in Evocations
 64295 | Depths:1 | Reached skill level 6 in Evocations
 64366 | Depths:1 | a +5 demon blade of draining {long}; +2 shadow dragon
                  | scales {rare}
 64770 | Depths:1 | Reached XP level 22. HP: 156/178 MP: 42/42
 65208 | Depths:1 | Noticed Bai Suzhen
 65233 | Depths:1 | Killed Bai Suzhen
 65563 | Depths:1 | a +5 demon blade of draining {long}; +2 shadow dragon
                  | scales {rare}
 65683 | Depths:1 | Found a corrupted altar of Lugonu.
 65683 | Depths:1 | Found a one-way gate to the infinite horrors of the Abyss.
 65822 | Depths:2 | Reached skill level 13 in Polearms
 65965 | Depths:2 | Found a one-way gate leading to the halls of Pandemonium.
 66781 | Depths:2 | Identified the +9 falchion of Lust {pain, rF+ rCorr Dex+2}
 67021 | Depths:2 | Identified the +5 mace of the Unkillable {flame, Str+4}
 67025 | Depths:2 | You pick up a book of Vapours and begin reading...
 67233 | Depths:2 | Reached skill level 14 in Polearms
 67835 | Depths:2 | Learned a level 6 spell: Bombard
 67879 | Depths:2 | Reached skill level 15 in Polearms
 68083 | Depths:3 | Bought a scroll of summoning for 161 gold pieces
 68090 | Depths:3 | Noticed a golden dragon
 68102 | Depths:3 | Killed a golden dragon
 68562 | Depths:3 | Found a bloodstained altar of Trog.
 68794 | Depths:3 | You pick up a book of Necromancy and begin reading...
 68880 | Depths:3 | Reached skill level 16 in Polearms
 68890 | Depths:3 | Noticed a dread lich
 68896 | Depths:3 | Killed a dread lich
 69033 | Depths:3 | Noticed a golden dragon
 69046 | Depths:3 | Killed a golden dragon
 69107 | Depths:3 | Reached XP level 23. HP: 143/184 MP: 43/43
 69139 | Depths:3 | HP: 45/184 [quicksilver dragon/bolt of dispelling energy
                  | (29)]
 69139 | Depths:3 | HP: 22/184 [tengu warrior/+0 war axe (2)]
 69140 | Depths:3 | HP: 7/184 [something (15)]
 69143 | Depths:3 | Noticed Saint Roka
 69521 | Depths:3 | Bought a scroll of revelation for 90 gold pieces
 69565 | Depths:3 | Found a snail-covered altar of Cheibriados.
 69630 | Depths:3 | Reached skill level 9 in Conjurations
 69739 | Depths:3 | Reached skill level 9 in Earth Magic
 70254 | Depths:3 | Killed Saint Roka
 70666 | Depths:3 | Found a hide-covered altar of Uskayaw.
 71042 | Depths:3 | Reached skill level 10 in Conjurations
 71168 | Depths:4 | Entered Level 4 of the Depths
 71168 | Depths:4 | Found a one-way gateway to a ziggurat.
 71170 | Depths:4 | Reached skill level 10 in Earth Magic
 71383 | Depths:4 | You pick up a book of the Earth and begin reading...
 71549 | Depths:4 | You pick up a book of Ice and begin reading...
 72352 | Depths:4 | Reached skill level 17 in Spellcasting
 72829 | Depths:4 | Reached skill level 17 in Fighting
 73067 | Depths:4 | Found a gate to the Realm of Zot.
 73068 | Depths:4 | Found a stormy altar of Qazlal.
 73432 | Vaults:5 | Entered Level 5 of the Vaults
 73500 | Vaults:5 | Identified the ring of Refiaqin {Wiz rC+ Str+3}
 73506 | Vaults:5 | Reached skill level 18 in Spellcasting
 73537 | Vaults:5 | Noticed a dread lich
 73545 | Vaults:5 | Reached skill level 18 in Fighting
 73553 | Vaults:5 | Reached XP level 24. HP: 146/197 MP: 45/45
 73554 | Vaults:5 | Noticed an ancient lich
 73561 | Vaults:5 | Killed an ancient lich
 73857 | Vaults:5 | Identified the +8 orcbow "Uravipp" {freeze, rElec Str+2
                  | Int+3}
 73958 | Vaults:5 | Identified the ring of Maitiu Otoi {rCorr AC+4 Str+8 Int-2
                  | Dex-2}
 73964 | Vaults:5 | Got a silver rune of Zot
 73968 | Vaults:5 | Identified the +1 scale mail "Esygiavy" {Str+3 SInv}
 74489 | Vaults:5 | You pick up a book of the Senses and begin reading...
 74653 | Vaults:5 | Noticed an ancient lich
 74655 | Vaults:5 | Noticed a caustic shrike
 74656 | Vaults:5 | a caustic shrike changed into a shadow dragon
 74658 | Vaults:5 | a shadow dragon changed into a caustic shrike
 74658 | Vaults:5 | Noticed a caustic shrike (glowing shapeshifter)
 74660 | Vaults:5 | Killed an ancient lich
 74665 | Vaults:5 | Killed a caustic shrike
 74918 | Vaults:5 | Acquired 1005 gold pieces
 74920 | Vaults:5 | Acquired the ring "Bafruqun" {rF++ rN+ Str+3 Dex+6}
 74935 | Vaults:5 | Identified the +7 flail "Qeer" {heavy, MP+9 Int-3 Stlth+}
 74962 | Vaults:5 | Found the ring of Shadows {Umbra +Inv Stlth+}
 75016 | Vaults:5 | You pick up a book of Blasting and begin reading...
 75053 | Vaults:5 | Identified the ring of Syohuof {Ice Dex+3}
 75056 | Vaults:5 | Identified the +5 spear of Sisi {pain, Dex+6}
 75221 | Vaults:5 | You pick up a book of Lightning and begin reading...
 75221 | Vaults:5 | You add the spells Vhi's Electric Charge and Arcjolt to
                  | your library.
 75234 | Vaults:5 | Learned a level 4 spell: Vhi's Electric Charge
 75313 | Vaults:5 | You pick up a book of Touch and begin reading...
 75530 | Vaults:5 | Learned a level 4 spell: Manifold Assault
 75653 | Crypt:1  | Entered Level 1 of the Crypt
 75731 | Crypt:1  | Noticed a curse skull
 75739 | Crypt:1  | Killed a curse skull
 75758 | Crypt:1  | Noticed Mennas
 75959 | Crypt:2  | Reached skill level 19 in Fighting
 76130 | Crypt:2  | Noticed a curse skull
 76132 | Crypt:2  | Killed a curse skull
 76288 | Crypt:2  | Noticed a royal mummy
 76290 | Crypt:2  | Noticed a royal mummy
 76291 | Crypt:2  | Noticed Khufu
 76571 | Vaults:2 | You paid a toll of 7 scrolls of fear to enter a treasure
                  | trove
 76572 | Trove    | Entered a treasure trove
 76595 | Trove    | Identified the +4 buckler of Ocamitoe {Int+4 SInv}
 76598 | Trove    | Identified the +0 ring mail of Tomorrow {rPois rN+}
 76838 | Crypt:1  | Killed Mennas
 76847 | Crypt:1  | Reached skill level 17 in Dodging
 76881 | Crypt:1  | Reached skill level 17 in Polearms
 78243 | Crypt:3  | Entered Level 3 of the Crypt
 78360 | Crypt:3  | Identified the ring "Icicu" {EV+5 Dex+3}
 78721 | Crypt:3  | You pick up a book of the Warp and begin reading...
 78740 | Crypt:3  | Reached XP level 25. HP: 206/209 MP: 45/45
 79160 | Crypt:3  | Found a staircase to the Tomb.
 79675 | Crypt:2  | Found a basalt altar of Yredelemnul.
 79799 | Crypt:3  | Found an ancient bone altar of Kikubaaqudgha.
 79949 | Crypt:3  | Noticed a dread lich
 79958 | Crypt:3  | Killed a dread lich
 79959 | Crypt:3  | Noticed a dread lich
 79978 | Crypt:3  | Killed a dread lich
 79979 | Crypt:3  | Reached skill level 20 in Fighting
 80015 | Crypt:3  | Identified the amulet of Deotugha {rElec Regen+ rCorr Str-5
                  | Int+3}
 80034 | Crypt:3  | Identified the staff of the Snake Pit {rPois rC+ Int+2
                  | Poison}
 80039 | Crypt:3  | Identified the ring "Keru" {rN+ Slay+3}
 80039 | Crypt:3  | Identified the ring of the Real Monster {rN+ Stlth+}
 80045 | Crypt:3  | You pick up a book of Geomancy and begin reading...
 80051 | Crypt:3  | You add the spells Tukima's Dance and Passage of Golubria
                  | to your library.
 80721 | Lair:4   | magus.rc [v1.9.6]
 80913 | Zot:1    | Identified the "Ostroih"
 80913 | Slime:1  | Entered Level 1 of the Pits of Slime
 80947 | Slime:1  | Found a viscous altar of Jiyva.
 81110 | Slime:1  | magus.rc [v1.9.6]
 81152 | Slime:3  | Reached skill level 18 in Polearms
 81152 | Slime:3  | Reached skill level 18 in Dodging
 81224 | Slime:5  | Identified the of Hauplau
 81224 | Slime:5  | Identified the "Somus"
 81224 | Slime:5  | Identified the "Qonaac"
 81224 | Slime:5  | Entered Level 5 of the Pits of Slime
 81471 | Slime:5  | Found the +3 pair of mountain boots {steadfast, rC+}
 81785 | Slime:5  | Noticed the Royal Jelly
 81792 | Slime:5  | Killed the Royal Jelly
 81945 | Slime:5  | Identified the +7 short sword of Radicalism {flame, Will+
                  | Int+3 SInv}
 81951 | Slime:5  | Identified the +8 trident of Recklessness {freeze, +Blink
                  | rF- Dex+2 Stlth+}
 81954 | Slime:5  | Identified the +8 hand axe of Massacring {flame, *Noise
                  | MP+9 Int+5}
 82032 | Slime:5  | You pick up a book of the Earth and begin reading...
 82091 | Slime:5  | Got a slimy rune of Zot
 82144 | Slime:5  | You pick up a book of Scorching and begin reading...
 82144 | Slime:5  | You add the spells Scorch, Flame Wave and Summon Cactus
                  | Giant to your library.
 82174 | Slime:5  | You pick up a book of Beasts and begin reading...
 82174 | Slime:5  | You add the spells Summon Ice Beast and Summon Mana Viper
                  | to your library.
 82175 | Slime:5  | Identified the +1 hat of Duty {rC+ Will+ Stlth+}
 82178 | Slime:5  | You pick up a book of Armaments and begin reading...
 82251 | Slime:5  | magus.rc [v1.9.6]
 82715 | Tomb:1   | Entered Level 1 of the Tomb of the Ancients
 82979 | Tomb:1   | Acquired 829 gold pieces
 83175 | Tomb:1   | Noticed a royal mummy
 83179 | Tomb:1   | Noticed a royal mummy
 83188 | Tomb:1   | Noticed a royal mummy
 83190 | Tomb:1   | Noticed a royal mummy
 83385 | Crypt:3  | magus.rc [v1.9.6]
 83461 | Tomb:1   | Noticed a royal mummy
 83471 | Tomb:1   | Killed a royal mummy
 83524 | Tomb:1   | Killed a royal mummy
 83989 | Tomb:2   | Noticed a royal mummy
 83992 | Tomb:2   | Noticed a royal mummy
 83994 | Tomb:2   | Noticed a royal mummy
 84002 | Tomb:2   | Killed a royal mummy
 84006 | Tomb:2   | Noticed a royal mummy
 84024 | Tomb:2   | Reached skill level 19 in Dodging
 84046 | Tomb:2   | Reached skill level 19 in Polearms
 84242 | Tomb:2   | Reached XP level 26. HP: 170/218 MP: 45/45
 84373 | Tomb:3   | Entered Level 3 of the Tomb of the Ancients
 84398 | Tomb:3   | Noticed a royal mummy
 84409 | Tomb:3   | Noticed a royal mummy
 84412 | Tomb:3   | Noticed a royal mummy
 84417 | Tomb:3   | Killed a royal mummy
 84430 | Tomb:3   | Noticed a royal mummy
 84435 | Tomb:3   | Killed a royal mummy
 84448 | Tomb:3   | Noticed a royal mummy
 84464 | Tomb:3   | Noticed a royal mummy
 84477 | Tomb:3   | Killed a royal mummy
 84480 | Tomb:3   | Killed a royal mummy
 84483 | Tomb:3   | Noticed a royal mummy
 84497 | Tomb:3   | Got a golden rune of Zot
 84528 | Tomb:3   | Noticed a royal mummy
 84534 | Tomb:3   | Killed a royal mummy
 84537 | Tomb:3   | Killed a royal mummy
 84562 | Tomb:3   | Noticed a royal mummy
 84572 | Tomb:3   | Killed a royal mummy
 84764 | Tomb:3   | Acquired the amulet of Dilo {Regen+ Dex+5}
 84872 | Tomb:3   | You pick up a book of Blasting and begin reading...
 84968 | Tomb:3   | Identified the +3 ring mail of Peupimin {Fly rElec}
 84973 | Tomb:3   | Identified the +0 halberd of the Blind Eye {speed, Fly
                  | Int+8 Dex-4 Stlth-}
 84981 | Tomb:3   | You pick up a book of Geomancy and begin reading...
 85003 | Tomb:3   | Identified the +1 broad axe "Oryikhup" {spect, rPois}
 85008 | Tomb:3   | You pick up a book of Fire and begin reading...
 85024 | Tomb:3   | Identified the +9 shortbow of Conscience {antimagic, Contam
                  | rC+ rN++ Int-3}
 85027 | Tomb:3   | Identified the +1 great sword of Radicalism {protect,
                  | Int+3}
 85031 | Tomb:3   | Identified the +3 eveningstar of Desperation {heavy, Dex+4}
 85039 | Tomb:3   | You pick up a book of Beasts and begin reading...
 85058 | Tomb:3   | You pick up a book of Cantrips and begin reading...
 85166 | Tomb:1   | Noticed a royal mummy
 85166 | Tomb:1   | Noticed a royal mummy
 85166 | Tomb:1   | Noticed a royal mummy
 85166 | Tomb:1   | Noticed a royal mummy
 85167 | Tomb:1   | Noticed a royal mummy
 85168 | Tomb:1   | Noticed a royal mummy
 85170 | Tomb:1   | Noticed a royal mummy
 85629 | Zot:1    | Entered Level 1 of the Realm of Zot
 85629 | Zot:1    | Noticed an orb of fire
 85641 | Depths:4 | Killed an orb of fire
 85667 | Zot:1    | Reached skill level 1 in Translocations
 85688 | Zot:1    | Reached skill level 2 in Translocations
 86224 | Zot:1    | Identified the death talisman "Foptujann" {*Slow Dex+3}
 86373 | Zot:2    | Reached skill level 3 in Translocations
 86377 | Zot:1    | Reached skill level 20 in Polearms
 86377 | Zot:1    | Reached skill level 20 in Dodging
 86456 | Zot:2    | Reached skill level 4 in Translocations
 86660 | Zot:2    | Reached skill level 5 in Translocations
 87319 | Zot:2    | Reached skill level 6 in Translocations
 87716 | Zot:3    | Reached skill level 7 in Translocations
 87718 | Zot:3    | Noticed a curse toe
 87728 | Zot:3    | Killed a curse toe
 87766 | Zot:3    | Reached skill level 8 in Translocations
 88020 | Zot:3    | Reached skill level 9 in Translocations
 88022 | Zot:3    | Reached XP level 27. HP: 224/224 MP: 27/45
 89050 | Zot:1    | magus.rc [v1.9.6]
 89132 | Zot:4    | Reached skill level 10 in Translocations
 89237 | Zot:4    | Reached skill level 7 in Evocations
 89403 | Zot:4    | Reached skill level 8 in Evocations
 89813 | Zot:5    | Entered Level 5 of the Realm of Zot
 89820 | Zot:5    | Noticed an electric golem
 89820 | Zot:5    | Noticed an orb of fire
 89820 | Zot:5    | Noticed an orb of fire
 89820 | Zot:5    | Noticed an orb of fire
 89821 | Zot:5    | Noticed a dread lich
 89821 | Zot:5    | Noticed an orb of fire
 89824 | Zot:5    | Got the Orb of Zot
 90338 | D:$      | Escaped with the Orb!

Vanquished Creatures
  the Royal Jelly (Slime:5)
  An ancient lich (Vaults:5)
  3 dread liches
  An orb of fire (Depths:4)
  3 royal mummies
  Margery (Depths:1)
  Saint Roka (Depths:3)
  A caustic shrike (shapeshifter) (Vaults:5)
  A curse toe (Zot:3)
  Bai Suzhen (Depths:1)
  7 golden dragons
  Norris (Vaults:1)
  A shard shrike zombie (Crypt:1)
  A Hell Sentinel (Zot:1)
  9 tentacled monstrosities
  5 liches
  An Ice Fiend (Depths:4)
  A walking crystal tome (Depths:3)
  A walking divine tome (Depths:3)
  An Orb Guardian (Depths:2)
  A deep elf blademaster (Elf:3)
  The ghost of Wiath the Deadly Accurate, an adept DrBr of Ashenzari (Vaults:2)
  2 deep elf master archers (Elf:3)
  19 acid blobs
  3 titans
  5 quicksilver dragons
  Frances (D:14)
  3 ancient champions
  9 sphinxes
  10 storm dragons
  Roxanne (D:14)
  Agnes (Snake:1)
  7 shadow dragons
  3 death cobs
  Kirke (D:14)
  5 tengu reavers
  5 rockslimes
  5 draconian monks
  3 revenants
  Aizul (Snake:3)
  2 draconian knights
  8 azure jellies
  Ilsuiw (Shoals:2)
  The ghost of Romunoh the Fetichist, an adept SpBr of Gozag (Snake:1)
  8 fire giants
  4 nagarajas
  6 deep elf sorcerers
  2 ghost moths
  2 orc warlords
  12 vault wardens
  6 frost giants
  A balrug (Depths:3)
  5 draconian shifters
  2 iron dragons (Vaults:5)
  3 draconian stormcallers (Zot:2)
  5 draconian scorchers
  A caustic shrike zombie (Crypt:3)
  3 reapers
  5 quicksilver oozes (Slime:5)
  5 deep elf elementalists
  16 ironbound preservers
  2 spriggan defenders (Depths:3)
  2 curse skulls
  7 draconian annihilators
  A stone giant (shapeshifter) (Vaults:5)
  3 ghouls (Crypt:2)
  16 very ugly things
  10 stone giants
  A juggernaut skeleton (Crypt:3)
  5 vampire knights
  A quicksilver ooze (shapeshifter) (Depths:1)
  9 deep elf demonologists
  4 war gargoyles
  9 ironbound thunderhulks
  9 deep elf annihilators
  9 purple draconians
  10 red draconians
  11 green draconians
  2 yellow draconians
  4 bennus (Tomb:3)
  12 black draconians
  10 white draconians
  3 dire elephants (Vaults:1)
  3 spark wasps
  17 deep elf death magi
  7 eidola
  5 ettins
  2 crystal guardians
  2 merfolk javelineers
  Josephine (D:9)
  10 fire dragons
  6 deep elf high priests
  3 spectral krakens (Shoals:2)
  11 mummy priests
  Harold (D:9)
  An entropy weaver (shapeshifter) (Depths:3)
  6 jiangshi
  An entropy weaver (Vaults:4)
  7 yaktaur captains
  7 merfolk impalers
  A rakshasa (Depths:3)
  4 peacekeepers
  36 vault guards
  5 great orbs of eyes
  8 ice dragons
  3 spriggan skeletons (Crypt:3)
  A fenstrider witch skeleton (Crypt:2)
  2 ghost crabs (Shoals:2)
  2 salamander tyrants
  10 hydras
  A merfolk avatar (Shoals:4)
  13 anacondas
  An ogre mage (D:11)
  A caustic shrike simulacrum (IceCv)
  6 centaur warriors
  4 spriggan air magi
  3 merfolk aquamancers
  7 two-headed ogres
  10 ironbound frosthearts
  22 naga warriors
  A death knight (Crypt:2)
  10 tengu warriors
  41 death scarabs
  6 boulder beetles
  7 spriggan berserkers
  15 dancing weapons
  A hell hog (Depths:3)
  12 deep troll earth magi
  Urug (Lair:1)
  2 titan zombies
  8 deep troll shamans
  13 naga sharpshooters
  An orc high priest (Orc:2)
  6 vampire magi
  Sonja (Lair:1)
  2 shock serpents
  7 soul eaters
  A fire crab (Lair:4)
  2 hell knights (Depths:1)
  3 titan skeletons
  3 sun demons (Depths:3)
  8 deep elf knights
  Amaemon (Lair:1)
  2 storm dragon zombies
  14 sea snakes
  23 skeletal warriors
  9 skysharks
  A golden dragon zombie (Depths:1)
  3 anaconda zombies
  15 iron trolls
  2 bunyip zombies
  An iron giant zombie (Crypt:3)
  3 salamander mystics
  7 naga ritualists
  2 bog bodies (Crypt:2)
  6 flayed ghosts
  3 shadow wraiths (Depths:3)
  54 deep trolls
  21 phantasmal warriors
  4 glowing orange brains
  A bunyip skeleton (Crypt:3)
  10 deep elf archers
  An anaconda skeleton (Crypt:2)
  5 arcanists
  A golden dragon skeleton (Crypt:3)
  4 lindwurms
  14 deep elf zephyrmancers
  21 deep elf pyromancers
  13 mana vipers
  13 harpies
  17 necromancers
  12 ironbound convokers
  2 cyclopes
  An iron dragon zombie (Crypt:3)
  6 orc knights
  5 orc sorcerers
  16 moths of wrath
  26 ugly things
  3 stone giant zombies (Crypt:3)
  22 manticores
  2 shining eyes (Slime:5)
  25 salamanders
  4 centaur zombies
  A guardian serpent (shapeshifter) (Vaults:5)
  Maurice (D:9)
  An elephant (D:9)
  9 guardian serpents
  49 black mambas
  9 merfolk sirens
  Joseph (D:9)
  2 stone giant skeletons
  29 naga magi
  8 water nymphs
  A molten gargoyle (Depths:2)
  11 vault sentinels
  A gargoyle (D:10)
  2 spectral sea snakes (Shoals:2)
  3 centaur skeletons
  4 torpor snails (Lair:5)
  An orange demon (Lair:1)
  9 cane toads
  2 unseen horrors
  A storm dragon simulacrum (Crypt:1)
  A dire elephant skeleton (Crypt:3)
  3 kobold demonologists
  2 rime drakes (shapeshifter)
  A purple draconian zombie (Crypt:1)
  A pale draconian zombie (Crypt:1)
  8 komodo dragons
  A rime drake (Lair:4)
  A tormentor (Depths:4)
  13 yaktaurs
  2 tengu conjurers
  8 freezing wraiths
  An alligator snapping turtle skeleton (Crypt:3)
  2 ice devils (Depths:3)
  21 guardian mummies
  4 harpy zombies
  An iron troll skeleton (Crypt:1)
  8 polar bears
  8 hornets
  A merfolk (shapeshifter) (Vaults:5)
  7 wind drakes
  14 hellwings
  A boulder beetle zombie (Crypt:2)
  A death drake skeleton (Crypt:1)
  8 trolls
  2 spectral guardian serpents (Crypt:2)
  27 merfolk
  4 tyrant leeches (Lair:5)
  2 glass eyes (Slime:5)
  5 blink frogs (Lair:1)
  An ice dragon zombie (Crypt:1)
  65 slime creatures
  A spectral merfolk (Shoals:2)
  A raiju (Lair:5)
  3 spriggan zombies
  3 spectral manticores (Shoals:2)
  4 dream sheep (Lair:5)
  6 flying skulls
  2 ettin zombies
  9 snapping turtles
  A jumping spider (shapeshifter) (D:15)
  2 black mamba zombies (Crypt:1)
  3 spriggans
  An ettin skeleton (Crypt:3)
  4 ushabtiu
  5 water elementals
  2 dire elephant simulacra (IceCv)
  A yak (shapeshifter) (Vaults:5)
  6 wyverns
  2 fire elementals
  2 black mamba skeletons
  A vampire (D:9)
  14 wraiths
  A steam dragon (D:9)
  9 basilisks
  58 yaks
  3 hogs (D:14)
  2 redbacks (Vaults:4)
  8 vampire mosquitoes
  7 wargs
  A harpy simulacrum (IceCv)
  A hydra simulacrum (IceCv)
  33 nagas
  Edmund (D:5)
  2 acid dragons
  2 spectral snapping turtles (Shoals:2)
  A demonspawn skeleton (Crypt:2)
  19 water moccasins
  8 hell hounds (Lair:5)
  38 orc warriors
  An ice beast (D:5)
  12 black bears
  A black mamba simulacrum (Crypt:2)
  2 sky beasts
  A swamp dragon zombie (Crypt:2)
  3 ettin simulacra
  18 wolves
  10 ogres
  9 centaurs
  A phantom (D:5)
  A komodo dragon zombie (Crypt:2)
  8 kobold brigands
  2 gnoll sergeants
  13 bullfrogs
  3 earth elementals
  2 scorpions
  5 wights (D:8)
  7 wyvern skeletons (Crypt:3)
  A queen bee zombie (Crypt:1)
  2 lindwurm simulacra (IceCv)
  4 killer bees (D:9)
  2 troll skeletons (Crypt:2)
  4 electric eels
  5 howler monkeys
  A lava snake (Snake:3)
  A wolf skeleton (Crypt:1)
  3 jellies
  15 orc priests
  A gnoll bouda (D:8)
  2 hounds
  3 iguanas
  34 orc wizards
  A boggart zombie (D:9)
  A boggart skeleton (Crypt:2)
  A hound skeleton (Crypt:1)
  18 mummies
  7 adders
  17 gnolls
  10 shadow imps
  3 white imps
  2 ufetubi (D:4)
  A dart slug (D:3)
  62 orcs
  3 ball pythons (D:1)
  5 bats
  7 endoplasms
  17 goblins
  13 hobgoblins
  39 kobolds
  2 quokkas (D:5)
  3 frilled lizards
  A goblin skeleton (Crypt:1)
  4 rats
  3 spectral weapons
  3 tentacles (Shoals:2)
2178 creatures vanquished.

Vanquished Creatures (collateral kills)
  Mennas (Crypt:1)
  4 royal mummies (Tomb:3)
  Vashnia (Snake:4)
  3 golden dragons
  2 tentacled monstrosities (Zot:3)
  A lich (Depths:3)
  4 acid blobs
  A sphinx (Depths:1)
  An ancient champion (Tomb:3)
  4 storm dragons
  3 shadow dragons
  A tengu reaver (Depths:2)
  4 azure jellies
  2 nagarajas (Snake:4)
  A draconian knight (Zot:2)
  2 fire giants
  2 frost giants
  A draconian scorcher (Zot:3)
  A deep elf sorcerer (Vaults:5)
  A ghost moth (Zot:2)
  3 vault wardens
  6 ironbound preservers
  A draconian stormcaller (Zot:1)
  A draconian annihilator (Zot:3)
  A quicksilver ooze (Slime:5)
  4 ironbound thunderhulks
  3 very ugly things (Depths:1)
  2 war gargoyles
  5 stone giants
  A spriggan defender (Depths:3)
  2 black draconians
  2 yellow draconians
  3 bennus (Tomb:3)
  A dire elephant (Vaults:1)
  3 red draconians
  2 spark wasps (Depths:4)
  2 white draconians (Zot:3)
  3 mummy priests (Tomb:3)
  4 merfolk javelineers
  4 ettins
  2 fire dragons (Depths:4)
  3 jiangshi
  2 yaktaur captains
  A merfolk impaler (Shoals:4)
  A great orb of eyes (Slime:5)
  14 vault guards
  A deep elf high priest (Vaults:5)
  Erolcha (D:11)
  3 ice dragons (Depths:4)
  A merfolk avatar (Shoals:3)
  An ironbound frostheart (Vaults:3)
  4 centaur warriors (Vaults:1)
  A satyr (Shoals:4)
  3 anacondas (Snake:4)
  5 merfolk aquamancers
  5 deep troll shamans
  2 naga warriors (Snake:4)
  3 tengu warriors
  9 death scarabs (Tomb:3)
  A hell hog (Depths:3)
  4 deep troll earth magi
  A naga sharpshooter (Snake:4)
  A vampire mage (Depths:1)
  A shock serpent (Snake:3)
  7 spriggan berserkers
  A soul eater (Depths:3)
  A shadow wraith (Depths:3)
  5 skeletal warriors
  10 iron trolls
  24 deep trolls
  3 naga ritualists
  A lindwurm (Vaults:1)
  A phantasmal warrior (Vaults:5)
  2 sea snakes (Shoals:2)
  A necromancer (Depths:1)
  A swamp dragon (shapeshifter) (Vaults:5)
  2 arcanists
  A bunyip skeleton (Tomb:1)
  3 ironbound convokers
  4 mana vipers
  3 harpies
  2 manticores (Shoals:4)
  7 salamanders
  A shining eye (Slime:3)
  11 ugly things
  2 moths of wrath
  An orc sorcerer (Orc:1)
  2 merfolk sirens (Shoals:3)
  2 water nymphs (Shoals:1)
  A guardian serpent (Snake:4)
  5 black mambas
  3 vault sentinels
  2 naga magi
  A torpor snail (Lair:5)
  A dire elephant skeleton (Tomb:1)
  A human zombie (Vaults:3)
  A tengu conjurer (Depths:3)
  A komodo dragon (Lair:5)
  11 guardian mummies
  7 yaktaurs
  4 merfolk
  5 polar bears (Lair:5)
  A wind drake (Shoals:4)
  A tarantella (shapeshifter) (Vaults:5)
  2 hornets (Lair:5)
  A raiju (Lair:5)
  7 dream sheep (Lair:5)
  4 snapping turtles
  29 slime creatures
  A spectral wind drake (Shoals:2)
  2 water elementals
  3 yaks (Lair:5)
  A warg (Lair:5)
  6 nagas
  A human simulacrum (Vaults:3)
  A water moccasin (Lair:5)
  A water moccasin (shapeshifter) (Vaults:5)
  5 hell hounds (Lair:5)
  An orc warrior (Orc:2)
  3 black bears (Lair:5)
  7 wolves (Lair:5)
  2 ogres
  A centaur (D:13)
  A spectral cyclops (Shoals:2)
  A human skeleton (Vaults:3)
  2 orc priests (Orc:2)
  5 orc wizards
  2 mummies (Tomb:3)
  4 orcs
  2 kobolds (D:11)
  A tentacle (Shoals:2)
402 creatures vanquished.

Vanquished Creatures (others)
  A dread lich (Vaults:5)
  An ancient lich (Vaults:5)
  4 royal mummies (Tomb:3)
  A tentacled monstrosity (Vaults:5)
  3 titans (Vaults:5)
  A sphinx (Vaults:5)
  2 ancient champions (Tomb:3)
  A nagaraja (Snake:4)
  4 tengu reavers
  A fire giant (Depths:2)
  3 vault wardens (Vaults:5)
  A deep elf sorcerer (Vaults:5)
  A frost giant (Vaults:5)
  3 ironbound preservers (Vaults:5)
  3 very ugly things
  A reaper (Depths:3)
  6 bennus (Tomb:3)
  A yellow draconian (Zot:4)
  A deep elf annihilator (Vaults:5)
  2 spark wasps
  A blizzard demon (Depths:3)
  A fire dragon (Depths:4)
  2 mummy priests (Tomb:3)
  2 ettins
  A jiangshi (Depths:2)
  3 vault guards (Vaults:5)
  3 death scarabs (Tomb:3)
  2 tengu warriors (Depths:3)
  A hell hog (Depths:3)
  A deep troll earth mage (Depths:4)
  A hell knight (Depths:1)
  2 skeletal warriors (Tomb:3)
  An iron troll (Depths:2)
  5 deep trolls
  2 quicksilver dragon simulacra (Depths:3)
  A deep elf zephyrmancer (Vaults:5)
  A deep elf pyromancer (Elf:1)
  An orc knight (Vaults:5)
  A manticore (Shoals:3)
  An ugly thing (Depths:2)
  A black mamba (Snake:1)
  A merfolk siren (Shoals:1)
  2 vault sentinels (Vaults:5)
  5 yaktaurs (Vaults:5)
  5 guardian mummies (Tomb:3)
  A human (D:14)
  A naga (Snake:1)
  3 ettin simulacra (Depths:3)
  2 ogres
  A kobold brigand (D:10)
  An orc wizard (Vaults:5)
  A mummy (Tomb:3)
  43 fulminant prisms
  78 spectral weapons
  10 tentacles (Shoals:2)
229 creatures vanquished.

Grand Total: 2809 creatures vanquished

Table legend:
 A = Non-vault XP
 B = Vault XP
 C = Vault XP percentage of total XP
 D = Non-vault monster count
 E = Vault monster count
 F = Vault count percentage of total count
                 A         B        C        D         E       F
            +---------+---------+-------+---------+---------+-------
      Total |  826215 |  722635 |  46.7 |    1505 |    1091 |  42.0
            +---------+---------+-------+---------+---------+-------
        D:1 |      24 |       0 |   0.0 |      14 |       0 |   0.0
        D:2 |      60 |       0 |   0.0 |      13 |       0 |   0.0
        D:3 |      89 |      40 |  31.0 |      18 |       3 |  14.3
        D:4 |     146 |      62 |  29.8 |       6 |       6 |  50.0
        D:5 |     422 |     487 |  53.6 |       8 |      10 |  55.6
        D:6 |     895 |       0 |   0.0 |      33 |       0 |   0.0
        D:7 |     403 |       8 |   1.9 |       9 |       4 |  30.8
        D:8 |    1042 |       0 |   0.0 |      23 |       0 |   0.0
        D:9 |    3778 |    5901 |  61.0 |      26 |      19 |  42.2
       D:10 |    2076 |    1030 |  33.2 |      11 |       6 |  35.3
       D:11 |    7646 |    3653 |  32.3 |      34 |      43 |  55.8
       D:12 |    5077 |       0 |   0.0 |      14 |       0 |   0.0
       D:13 |    3814 |       0 |   0.0 |      14 |       0 |   0.0
       D:14 |    6356 |   11768 |  64.9 |      17 |      14 |  45.2
       D:15 |    8982 |    5612 |  38.5 |      21 |       9 |  30.0
     Lair:1 |    8295 |    2770 |  25.0 |      41 |       4 |   8.9
     Lair:2 |    5419 |    2317 |  30.0 |      21 |       9 |  30.0
     Lair:3 |    3946 |       0 |   0.0 |      13 |       0 |   0.0
     Lair:4 |   10096 |    4858 |  32.5 |      30 |       3 |   9.1
     Lair:5 |   15245 |   16911 |  52.6 |      48 |      73 |  60.3
   Shoals:1 |   13937 |    5100 |  26.8 |      29 |       8 |  21.6
   Shoals:2 |    7080 |   11050 |  60.9 |      12 |      22 |  64.7
   Shoals:3 |   18793 |    2555 |  12.0 |      38 |       7 |  15.6
   Shoals:4 |    9016 |   21798 |  70.7 |      18 |      39 |  68.4
    Snake:1 |   23701 |    8614 |  26.7 |      42 |      13 |  23.6
    Snake:2 |   11723 |    4451 |  27.5 |      24 |       8 |  25.0
    Snake:3 |   27074 |    1326 |   4.7 |      58 |       1 |   1.7
    Snake:4 |   34809 |   30774 |  46.9 |      73 |      36 |  33.0
    Slime:1 |   13743 |    2550 |  15.7 |      28 |       7 |  20.0
    Slime:2 |     700 |       0 |   0.0 |       3 |       0 |   0.0
    Slime:3 |   10674 |       0 |   0.0 |      11 |       0 |   0.0
    Slime:5 |   11336 |   24910 |  68.7 |      23 |      21 |  47.7
      Orc:1 |    2848 |       0 |   0.0 |      24 |       0 |   0.0
      Orc:2 |    1739 |    5040 |  74.3 |      15 |      46 |  75.4
      Elf:1 |   17702 |    6285 |  26.2 |      29 |       9 |  23.7
      Elf:2 |    9479 |    5078 |  34.9 |      15 |       6 |  28.6
      Elf:3 |    9578 |   35378 |  78.7 |      15 |      32 |  68.1
   Vaults:1 |   23625 |   37413 |  61.3 |      30 |      48 |  61.5
   Vaults:2 |   32095 |   12637 |  28.3 |      42 |      13 |  23.6
   Vaults:3 |   27712 |   29805 |  51.8 |      39 |      39 |  50.0
   Vaults:4 |   15708 |   13884 |  46.9 |      21 |      22 |  51.2
   Vaults:5 |   32414 |   73547 |  69.4 |      50 |      76 |  60.3
    Crypt:1 |   21360 |    4115 |  16.2 |      37 |       1 |   2.6
    Crypt:2 |   42649 |    2379 |   5.3 |      60 |       5 |   7.7
    Crypt:3 |       0 |   60207 | 100.0 |       0 |      93 | 100.0
     Tomb:1 |    7781 |   30356 |  79.6 |      24 |      28 |  53.8
     Tomb:2 |    2328 |   21059 |  90.0 |       7 |      26 |  78.8
     Tomb:3 |    6447 |   54227 |  89.4 |      10 |      64 |  86.5
   Depths:1 |   43652 |   16791 |  27.8 |      54 |      14 |  20.6
   Depths:2 |   54103 |   12616 |  18.9 |      70 |      11 |  13.6
   Depths:3 |    6016 |   95865 |  94.1 |       9 |     115 |  92.7
   Depths:4 |   42214 |   31273 |  42.6 |      41 |      32 |  43.8
      Zot:1 |   29338 |       0 |   0.0 |      28 |       0 |   0.0
      Zot:2 |   46001 |       0 |   0.0 |      41 |       0 |   0.0
      Zot:3 |   52396 |       0 |   0.0 |      44 |       0 |   0.0
      Zot:4 |   32633 |       0 |   0.0 |      27 |       0 |   0.0
     Bailey |       0 |    3227 | 100.0 |       0 |      37 | 100.0
      IceCv |       0 |    2908 | 100.0 |       0 |       9 | 100.0
            +---------+---------+-------+---------+---------+-------

Skill      XL: |  1  2  3  4  5  6  7  8  9 10 11 12 13 14 15 16 17 18 19 20 21 22 23 24 25 26 27 |
---------------+----------------------------------------------------------------------------------+-----
Spellcasting   | 3 4 5 6 8 10 12 16 18 | 18.0
Conjurations   | 4 5 6 8 10 | 10.0
Fighting       | 1 2 4 5 8 10 11 12 13 14 15 16 18 19 20 | 20.0
Earth Magic    | 1 3 4 5 6 8 10 | 10.0
Shields        | 5 |  5.0
Dodging        | 3 6 8 9 12 13 14 15 16 17 19 20 | 20.0
Hexes          | 6 7 |  7.0
Necromancy     | 1 8 12 | 12.0
Maces & Flails | 7 8 10 11 12 | 12.0
Armour         | 5 6 7 |  7.0
Ice Magic      | 4 |  4.0
Air Magic      | 4 |  4.0
Polearms       | 9 12 16 17 19 20 | 20.1
Transmutations | 4 |  4.0
Evocations     | 6 8 |  8.5
Translocations | 9 10 | 10.0
Stealth        | |  1.6

Action                     |  1- 3 |  4- 6 |  7- 9 | 10-12 | 13-15 | 16-18 | 19-21 | 22-24 | 25-27 || total
---------------------------+-------+-------+-------+-------+-------+-------+-------+-------+-------++-------
  Melee: Dagger            |       |     7 |       |       |       |       |       |       |       ||     7
         Staff             |       |       |    18 |    93 |     2 |       |    10 |       |       ||   123
         Demon whip        |       |       |       |    24 |   375 |   446 |    62 |       |       ||   907
         Glaive            |       |       |       |       |       |       |   377 |   867 |  1022 ||  2266
   Cast: Magic Dart        |    59 |   106 |   176 |   286 |    22 |     1 |       |       |       ||   650
         Searing Ray       |     3 |    10 |    11 |     3 |       |       |       |       |       ||    27
         Stone Arrow       |       |       |    47 |   244 |   406 |   538 |   397 |    27 |       ||  1659
         Fulminant Prism   |       |       |       |    32 |    11 |       |       |       |       ||    43
         Borgnjor's Vile C |       |       |       |       |   121 |   150 |   179 |   140 |    27 ||   617
         Death Channel     |       |       |       |       |    26 |    35 |    30 |    30 |    13 ||   134
         Blink             |       |       |       |       |       |     4 |       |     1 |     2 ||     7
         Anguish           |       |       |       |       |       |     1 |    12 |    34 |       ||    47
         Freezing Cloud    |       |       |       |       |       |       |    27 |    30 |     4 ||    61
         Bombard           |       |       |       |       |       |       |       |    10 |     3 ||    13
         Yara's Violent Un |       |       |       |       |       |       |       |     2 |     3 ||     5
         Vhi's Electric Ch |       |       |       |       |       |       |       |       |     4 ||     4
         Manifold Assault  |       |       |       |       |       |       |       |       |    27 ||    27
 Invoke: Call Merchant     |       |       |       |     2 |     3 |     1 |     3 |     2 |     2 ||    13
         Potion Petition   |       |       |       |       |       |       |       |     5 |    10 ||    15
         Bribe Branch      |       |       |       |       |       |       |       |     1 |     1 ||     2
  Evoke: Wand              |       |     3 |     4 |    19 |     3 |     8 |     5 |     1 |     1 ||    44
         Phial of floods   |       |       |       |       |     1 |       |     1 |     2 |       ||     4
         Tin of tremorston |       |       |       |       |     2 |     3 |     1 |     1 |     1 ||     8
         Box of beasts     |       |       |       |       |       |       |     1 |     2 |     1 ||     4
         Lightning rod     |       |       |       |       |       |       |       |     2 |       ||     2
         Phantom mirror    |       |       |       |       |       |       |       |     2 |     1 ||     3
    Use: Scroll            |     6 |     4 |     6 |     9 |    13 |     3 |     6 |    13 |    43 ||   103
   Stab: Distracted        |       |       |       |     1 |     9 |    13 |    26 |    57 |    96 ||   202
         Petrified         |       |       |       |       |     2 |       |       |       |       ||     2
         Sleeping          |       |       |       |       |       |     1 |     7 |     5 |    14 ||    27
         Invisible         |       |       |       |       |       |       |     2 |     1 |       ||     3
         Confused          |       |       |       |       |       |       |       |       |     8 ||     8
 Armour: Robe              |     4 |    45 |    43 |     7 |       |       |       |       |       ||    99
         Leather armour    |       |       |       |   181 |   189 |       |       |       |       ||   370
         Acid dragon scale |       |       |       |       |   111 |   383 |   261 |   332 |   193 ||  1280
  Dodge: Dodged            |     9 |    37 |    75 |   346 |   494 |   817 |   594 |   796 |   843 ||  4011
  Block: Buckler           |       |       |     5 |   206 |   250 |   574 |    85 |       |       ||  1120
         Reflection        |       |       |       |    18 |    29 |    83 |    27 |       |       ||   157
Riposte: Demon whip        |       |       |       |       |    56 |   244 |    27 |       |       ||   327
         Staff             |       |       |       |       |       |       |     6 |       |       ||     6
         Glaive            |       |       |       |       |       |       |    88 |   129 |   160 ||   377

Illustrated notes

Table legend:
 A = Kills in this place as a percentage of kills in the entire game.
 B = Kills by you in this place as a percentage of kills by you in the entire game.
 C = Kills by friends in this place as a percentage of kills by friends in the entire game.
 D = Other kills in this place as a percentage of other kills in the entire game.
 E = Experience gained in this place as a percentage of experience gained in the entire game.
 F = Experience gained in this place divided by the number of levels of this place that you have seen.
                   A       B       C       D       E      F
               +-------+-------+-------+-------+-------+----------------------
         Total | 100.0 | 100.0 | 100.0 | 100.0 | 100.0 | 25073.5
       Dungeon |  14.4 |  16.7 |   3.0 |   4.3 |   4.5 | 4624.7
          Lair |   9.3 |   9.5 |   9.3 |   0.0 |   4.5 | 13971.4
        Shoals |   6.7 |   6.3 |   9.1 |   4.3 |   5.7 | 22332.2
     Snake Pit |   9.8 |   9.9 |   9.6 |   6.4 |   9.2 | 35618.0
    Slime Pits |   3.6 |   2.7 |   8.6 |   0.0 |   4.1 | 12782.6
  Orcish Mines |   3.3 |   3.4 |   2.8 |   0.0 |   0.6 | 4813.5
   Elven Halls |   4.1 |   4.9 |   0.0 |   2.1 |   5.4 | 27833.3
        Vaults |  14.6 |  13.0 |  22.4 |  23.4 |  19.2 | 59768.0
         Crypt |   7.5 |   9.0 |   0.5 |   0.0 |   8.4 | 43570.0
          Tomb |   6.1 |   5.5 |   9.8 |   4.3 |   7.9 | 40732.7
        Depths |  13.4 |  11.4 |  19.9 |  53.2 |  19.7 | 76597.2
           Zot |   5.4 |   5.6 |   5.0 |   2.1 |  10.4 | 32443.4
        Bailey |   1.4 |   1.7 |   0.0 |   0.0 |   0.2 | 3227.0
      Ice Cave |   0.3 |   0.4 |   0.0 |   0.0 |   0.2 | 2908.0
               +-------+-------+-------+-------+-------+----------------------

Table legend: (Time is in decaauts)
 A = Elapsed time spent in this place.
 B = Non-inter-level travel time spent in this place.
 C = Inter-level travel time spent in this place.
 D = Time resting spent in this place.
 E = Time spent auto-exploring this place.
 F = Levels seen in this place.
 G = Mean time per level.
                   A        B        C        D        E       F      G
               +--------+--------+--------+--------+--------+-----+--------+
         Total |  92154 |  84845 |   7309 |  16782 |  51528 |  62 | 1486.4 |
       Dungeon |  22489 |  20630 |   1859 |   4376 |  13394 |  15 | 1499.3 |
        Temple |     24 |     13 |     11 |      0 |      0 |   1 |   24.0 |
          Lair |  12285 |  11362 |    923 |   3451 |   6177 |   5 | 2457.0 |
        Shoals |   6353 |   5808 |    545 |    843 |   3585 |   4 | 1588.2 |
     Snake Pit |   7458 |   7120 |    338 |    963 |   4828 |   4 | 1864.5 |
    Slime Pits |   1476 |   1394 |     82 |     69 |    597 |   5 |  295.2 |
  Orcish Mines |   2163 |   1880 |    283 |    296 |   1226 |   2 | 1081.5 |
   Elven Halls |   5039 |   4816 |    223 |   1317 |   2597 |   3 | 1679.7 |
        Vaults |  11457 |  10292 |   1165 |   1558 |   6687 |   5 | 2291.4 |
         Crypt |   5119 |   4566 |    553 |    441 |   2960 |   3 | 1706.3 |
          Tomb |   2454 |   2339 |    115 |    226 |   1170 |   3 |  818.0 |
        Depths |  10361 |   9487 |    874 |   2383 |   5151 |   4 | 2590.2 |
           Zot |   3713 |   3380 |    333 |    230 |   2400 |   5 |  742.6 |
         Trove |     68 |     68 |      0 |      0 |      0 |   1 |   68.0 |
        Bailey |   1515 |   1515 |      0 |    526 |    727 |   1 | 1515.0 |
      Ice Cave |    173 |    173 |      0 |    102 |     24 |   1 |  173.0 |
               +--------+--------+--------+--------+--------+-----+--------+

Top non-repeatable levels by time:
     D:9: 3503 daAuts
  Lair:5: 3489 daAuts
Depths:2: 3067 daAuts
Vaults:3: 2847 daAuts
Depths:3: 2642 daAuts
Depths:4: 2641 daAuts
  Lair:4: 2614 daAuts
  Lair:1: 2538 daAuts
Vaults:1: 2419 daAuts
 Crypt:3: 2411 daAuts
   Elf:3: 2366 daAuts
  Lair:2: 2281 daAuts
Vaults:2: 2196 daAuts
 Snake:1: 2112 daAuts
Vaults:5: 2083 daAuts
